 Dungeon Crawl Stone Soup version 0.31-a0-1096-g246cf0196b (webtiles) character file.

Game seed: 3819662501027125973

14968005 BigAl98 the Shapeless Troll (level 27, 323/323 HPs)
             Began as a Troll Fighter on Nov 28, 2023.
             Was an Initiate of Gozag.
             Escaped with the Orb
             ... and 15 runes on Nov 29, 2023!
             The game lasted 06:24:07 (106070 turns).

BigAl98 the Shapeless Troll (Troll Fighter)       Turns: 106070, Time: 06:24:08

Health: 323/323    AC: 47    Str: 46    XL:     27
Magic:  22/22      EV: 17    Int:  7    God:    Gozag
Gold:   20693      SH: 23    Dex: 16    Spells: 26/26 levels left

rFire   + +          +
                       - Unarmed
rCold   + + +        Y - +5 Storm Queen's Shield {shock, Fly rElec}
rNeg    + + +        Z - +11 gold dragon scales "Qycyguamp" {rPois rF+ rC+ Regen+ Dex+3}
rPois   ∞            b - +0 mask of the Dragon {Will+ Slay+3 SInv}
rElec   +            x - +2 cloak {rCorr}
rCorr   +            (gloves unavailable)
SInv    +            (boots unavailable)
Will    +++++        U - amulet of Adajaod {rF++ Regen+} Stlth
                     S - ring of the Swan {rF+ rC+ Str+6 Int+3}
HPRegen 3.13/turn    i - ring "Gioh" {rC+ AC+4}
MPRegen 0.18/turn

%: no passive effects
@: death-form, flying, studying 6 skills
A: vile attack, torment immunity, no potions, large, unfitting armour, claws 3,
regeneration 1, shaggy fur 1, tough skin 1, subdued magic 1
0: Orb of Zot
}: 15/15 runes: decaying, serpentine, slimy, silver, golden, iron, obsidian,
icy, bone, abyssal, demonic, glowing, magical, fiery, dark
a: Siphon Essence, Begin Untransformation, Renounce Religion, Potion Petition,
Call Merchant, Bribe Branch


You escaped.
You worshipped Gozag.
Gozag was extremely pleased with you.
You were an undying horror.
You visited 18 branches of the dungeon, and saw 84 of its levels.
You visited Pandemonium 1 time, and saw 17 of its levels.
You visited the Abyss 2 times.
You completed 1 ziggurat, and saw 27 of its levels.
You also visited: Sewer and Ice Cave.

You collected 72255 gold pieces.
You spent 10833 gold pieces at shops.
You paid 40729 gold pieces to Gozag.

Inventory:

Hand Weapons
 e - the +4 consecrated labrys {holy, Valiant Fragile Fly SInv}
   (You found it on level 24 of a ziggurat)

   Valiant:   It becomes more powerful as more dangerous foes come into view.
   SInv:      It lets you see invisible.
   Fly:       It grants you flight.
   Fragile:   It will be destroyed if unequipped.
Missiles
 j - 42 curare-tipped darts
 A - 7 throwing nets
 F - 180 large rocks (quivered)
 H - 40 silver javelins
 R - 6 javelins
Armour
 b - the +0 mask of the Dragon (worn) {Will+ Slay+3 SInv}
   (You found it on level 11 of a ziggurat)

   Slay+3:    It affects your accuracy & damage with ranged weapons and melee
   (+3).
   Will+:     It increases your willpower.
   SInv:      It lets you see invisible.
 x - a +2 cloak of preservation (worn)
 T - a +0 tower shield of protection
 Y - the +5 Storm Queen's Shield (worn) {shock, Fly rElec}
   (You bought it in a shop on level 13 of the Dungeon)

   Shock:     When it blocks an attack, it may electrocute the attacker.
   This works even against foes who are a short distance away.
   rElec:     It insulates you from electricity.
   Fly:       It grants you flight.
 Z - the +11 gold dragon scales "Qycyguamp" (worn) {rPois rF+ rC+ Regen+ Dex+3}
   (You bought it in a shop on level 13 of the Dungeon)

   Dex+3:     It affects your dexterity (+3).
   rF+:       It protects you from fire.
   rC+:       It protects you from cold.
   rPois:     It protects you from poison Regen+: It increases your rate of
   health regeneration.
Jewellery
 a - the ring "Seprat" {EV+5 Dex+2 Slay+6 SInv}
   (You acquired it on level 18 of a ziggurat)

   [ring of evasion]

   EV+5:      It affects your evasion (+5).
   Dex+2:     It affects your dexterity (+2).
   Slay+6:    It affects your accuracy & damage with ranged weapons and melee
   (+6).
   SInv:      It lets you see invisible.
 i - the ring "Gioh" (right claw) {rC+ AC+4}
   (You found it on level 13 of a ziggurat)

   [ring of protection]

   AC+4:      It affects your AC (+4).
   rC+:       It protects you from cold.
 v - the ring of Edianlirr {rPois rF+ Will+ Int+2}
   (You bought it in a shop on level 1 of the Snake Pit)

   [ring of protection from fire]

   Int+2:     It affects your intelligence (+2).
   rF+:       It protects you from fire.
   rPois:     It protects you from poison Will+: It increases your willpower.
 S - the ring of the Swan (left claw) {rF+ rC+ Str+6 Int+3}
   (You found it on level 7 of the Iron City of Dis)

   [ring of strength]

   Str+6:     It affects your strength (+6).
   Int+3:     It affects your intelligence (+3).
   rF+:       It protects you from fire.
   rC+:       It protects you from cold.
 U - the amulet of Adajaod (around neck) {rF++ Regen+}
   (You bought it in a shop on level 1 of the Snake Pit)

   [amulet of regeneration]

   rF++:      It greatly protects you from fire.
   Regen+:    It increases your rate of health regeneration.
 W - the amulet "Zexaskuap" {Reflect rN+ Regen+ Dex+7 SH+5 Stlth+}
   (You found it on level 7 of Gehenna)

   [amulet of reflection]

   Reflect:   It reflects blocked missile attacks.
   Dex+7:     It affects your dexterity (+7).
   rN+:       It protects you from negative energy.
   Regen+:    It increases your rate of health regeneration.
   SH+5:      It affects your SH (+5).
   Stlth+:    It makes you more stealthy.
Talismans
 K - the death talisman "Ciboc" (active) {Will++ Int-2 Dex+4 Slay+2}
   (You bought it in a shop on level 1 of the Snake Pit)

   [talisman of death]

   Int-2:     It affects your intelligence (-2).
   Dex+4:     It affects your dexterity (+4).
   Slay+2:    It affects your accuracy & damage with ranged weapons and melee
   (+2).
   Will++:    It greatly increases your willpower.
Wands
 r - a wand of acid (22)
 P - a wand of digging (26)
 Q - a wand of charming (44)
 V - a wand of mindburst (54)
 X - a wand of roots (20)
Scrolls
 g - 13 scrolls of enchant armour
 m - 20 scrolls of revelation
 o - 16 scrolls of fog
 q - 7 scrolls of silence
 s - 35 scrolls of teleportation
 u - 9 scrolls of poison
 y - 23 scrolls of fear
 B - 2 scrolls of torment
 D - 24 scrolls of blinking
 J - 4 scrolls of summoning
 L - 16 scrolls of immolation
Potions
 c - 9 potions of might
 f - 4 potions of berserk rage
 h - 14 potions of attraction
 k - 28 potions of heal wounds
 l - 41 potions of curing
 n - 23 potions of mutation
 p - 12 potions of resistance
 C - 6 potions of haste
 E - 9 potions of lignification
 G - 7 potions of magic
 M - a potion of brilliance
 O - 9 potions of cancellation
Miscellaneous
 d - the horn of Geryon
 t - 2 +1 figurines of a ziggurat
 w - a lightning rod (4/4)
 z - a phantom mirror
 I - a phial of floods
 N - a box of beasts


   Skills:
 O Level 27 Fighting
 + Level 26.6 Throwing
 O Level 27 Armour
 * Level 21.8 Dodging
 - Level 6.0 Stealth
 O Level 27 Shields
 O Level 27 Unarmed Combat
 + Level 12.3 Evocations
 O Level 27 Shapeshifting


You had 26 spell levels left.
You didn't know any spells.
Your spell library contained the following spells:

 Spells                   Type           Power      Damage    Failure   Level
 Apportation              Tloc           0%         N/A       77%         1
 Foxfire                  Conj/Fire      0%         2x1d4     77%         1
 Freeze                   Ice            0%         1d3       77%         1
 Kiss of Death            Conj/Necr      0%         2d5       77%         1
 Magic Dart               Conj           0%         1d3       77%         1
 Necrotise                Necr           0%         1d4       77%         1
 Sandblast                Erth           0%         2d4       77%         1
 Slow                     Hex            0%         N/A       77%         1
 Sting                    Tmut/Pois      0%         1d3       77%         1
 Summon Small Mammal      Summ           0%         N/A       77%         1
 Call Imp                 Summ           0%         N/A       89%         2
 Cigotuvi's Dreadful Rot  Necr/Pois/Air  0%         N/A       89%         2
 Ensorcelled Hibernation  Hex/Ice        0%         N/A       89%         2
 Jinxbite                 Hex            0%         N/A       89%         2
 Lesser Beckoning         Tloc           0%         N/A       89%         2
 Momentum Strike          Conj/Tloc      0%         3d8       89%         2
 Passwall                 Tmut/Erth      0%         N/A       89%         2
 Poisonous Vapours        Pois/Air       0%         N/A       89%         2
 Searing Ray              Conj           0%         2d4       89%         2
 Static Discharge         Conj/Air       0%         3-3/arc   89%         2
 Sublimation of Blood     Necr           0%         N/A       89%         2
 Wereblood                Tmut           0%         N/A       89%         2
 Call Canine Familiar     Summ           0%         N/A       98%         3
 Confusing Touch          Hex            0%         N/A       98%         3
 Dazzling Flash           Conj/Hex       0%         N/A       98%         3
 Frozen Ramparts          Ice            0%         1d1       98%         3
 Gell's Gravitas          Tloc           0%         N/A       98%         3
 Hailstorm                Conj/Ice       0%         3d3       98%         3
 Ignite Poison            Fire/Tmut/Pois 0%         N/A       98%         3
 Inner Flame              Hex/Fire       0%         N/A       98%         3
 Mephitic Cloud           Conj/Pois/Air  0%         N/A       98%         3
 Ozocubu's Armour         Ice            0%         N/A       98%         3
 Sigil of Binding         Hex            0%         N/A       98%         3
 Stone Arrow              Conj/Erth      0%         3d7       98%         3
 Summon Guardian Golem    Hex/Summ       0%         N/A       98%         3
 Swiftness                Air            0%         N/A       98%         3
 Teleport Other           Tloc           0%         N/A       98%         3
 Tukima's Dance           Hex            0%         N/A       98%         3
 Vampiric Draining        Necr           0%         2d6       98%         3
 Volatile Blastmotes      Fire/Tloc      0%         2d10      98%         3
 Airstrike                Air            0%         2d(0-16)  100%        4
 Anguish                  Hex/Necr       0%         N/A       100%        4
 Animate Armour           Summ/Erth      0%         N/A       100%        4
 Brom's Barrelling Bould  Conj/Erth      0%         2d3       100%        4
 Cause Fear               Hex            0%         N/A       100%        4
 Dimensional Bullseye     Hex/Tloc       0%         N/A       100%        4
 Dispel Undead            Necr           0%         3d6       100%        4
 Flame Wave               Conj/Fire      0%         2d4       100%        4
 Fulminant Prism          Conj/Hex       0%         3d5       100%        4
 Iskenderun's Mystic Bla  Conj/Tloc      0%         2d3       100%        4
 Leda's Liquefaction      Hex/Erth       0%         N/A       100%        4
 Manifold Assault         Tloc           0%         N/A       100%        4
 Olgreb's Toxic Radiance  Pois           0%         N/A       100%        4
 Passage of Golubria      Tloc           0%         N/A       100%        4
 Petrify                  Tmut/Erth      0%         N/A       100%        4
 Sticky Flame             Conj/Fire      0%         2d3       100%        4
 Summon Ice Beast         Ice/Summ       0%         N/A       100%        4
 Summon Lightning Spire   Summ/Air       0%         N/A       100%        4
 Vhi's Electric Charge    Tloc/Air       0%         N/A       100%        4
 Agony                    Necr           0%         N/A       100%        5
 Alistair's Intoxication  Tmut/Pois      0%         N/A       100%        5
 Arcjolt                  Conj/Air       0%         1d10      100%        5
 Borgnjor's Vile Clutch   Necr/Erth      0%         N/A       100%        5
 Fireball                 Conj/Fire      0%         3d3       100%        5
 Freezing Cloud           Conj/Ice/Air   0%         6-21      100%        5
 Irradiate                Conj/Tmut      0%         3d11      100%        5
 Iskenderun's Battlesphe  Conj           0%         2d6       100%        5
 Lee's Rapid Deconstruct  Erth           0%         3d4*      100%        5
 Metabolic Englaciation   Hex/Ice        0%         N/A       100%        5
 Silence                  Hex/Air        0%         N/A       100%        5
 Summon Forest            Summ/Tloc      0%         N/A       100%        5
 Summon Mana Viper        Hex/Summ       0%         N/A       100%        5
 Yara's Violent Unravell  Hex/Tmut       0%         3d3       100%        5
 Bombard                  Conj/Erth      0%         9d1       100%        6
 Conjure Ball Lightning   Conj/Air       0%         3x3d6     100%        6
 Death Channel            Necr           0%         N/A       100%        6
 Dispersal                Tloc           0%         N/A       100%        6
 Eringya's Noxious Bog    Tmut/Pois      0%         4d6       100%        6
 Plasma Beam              Fire/Air       0%         2x1d10    100%        6
 Starburst                Conj/Fire      0%         6d3       100%        6
 Summon Cactus Giant      Summ           0%         N/A       100%        6
 Enfeeble                 Hex            0%         N/A       100%        7
 Haunt                    Necr/Summ      0%         N/A       100%        7
 Malign Gateway           Summ/Tloc      0%         N/A       100%        7
 Monstrous Menagerie      Summ           0%         N/A       100%        7
 Orb of Destruction       Conj           0%         9d5       100%        7
 Ozocubu's Refrigeration  Ice            0%         4d7       100%        7
 Summon Hydra             Summ           0%         N/A       100%        7
 Borgnjor's Revivificati  Necr           0%         N/A       100%        8
 Discord                  Hex            0%         N/A       100%        8
 Disjunction              Tloc           0%         N/A       100%        8
 Ignition                 Fire           0%         3d3       100%        8
 Infestation              Necr           0%         N/A       100%        8
 Lehudib's Crystal Spear  Conj/Erth      0%         10d2      100%        8
 Maxwell's Capacitive Co  Air            0%         ∞         100%        8
 Summon Horrible Things   Summ           0%         N/A       100%        8
 Chain Lightning          Conj/Air       0%         N/A       100%        9
 Death's Door             Necr           0%         N/A       100%        9
 Dragon's Call            Summ           0%         N/A       100%        9
 Polar Vortex             Ice            0%         N/A       100%        9
 Animate Dead             Necr           Unusable   N/A       N/A         4
 Simulacrum               Ice/Necr       Unusable   N/A       N/A         6

Dungeon Overview and Level Annotations

Branches:
Dungeon (15/15)            Temple (1/1) D:4            Lair (5/5) D:10
  Swamp (4/4) Lair:3        Snake (4/4) Lair:2        Slime (5/5) Lair:5
    Orc (2/2) D:12            Elf (3/3) Orc:2        Vaults (5/5) D:14
  Crypt (3/3) Vaults:2       Tomb (3/3) Crypt:3      Depths (4/4) D:15
   Hell (visited)             Dis (7/7) Hell            Geh (7/7) Hell
    Coc (7/7) Hell            Tar (7/7) Hell            Zot (5/5) Depths:4
  Sewer (visited)           IceCv (visited)

Altars:
Ashenzari
Cheibriados
Dithmenos
Elyvilon
Fedhas
Gozag
Hepliaklqana
Kikubaaqudgha
Makhleb
Nemelex Xobeh
Okawaru
Qazlal
Ru
Sif Muna
Trog
Uskayaw
Vehumet
Wu Jian
Xom
Yredelemnul
Zin
The Shining One
Ignis
Lugonu

Shops:
D:10 (   D:13 [   D:15 *   Orc:1 ?   Orc:2 =?*?*   Snake:1 ==:   Snake:4 [(=[
Vaults:2 =   Crypt:1 *=   Zot:1 !*=[   Depths:2 *

Portals:
Hell: Depths:1 Depths:2 Depths:3 Depths:4
Abyss: Slime:4 Depths:1 Depths:3
Pandemonium: Depths:2

Annotations:
D:8 4 transporters
D:14 Roxanne
Lair:5 exclusion: ice statue
Elf:1 1 runed translucent door, Guraer's ghost, veteran OgSh


Innate Abilities, Weirdness & Mutations

You are an undying horror.
Your melee and unarmed attacks drain, slow and weaken victims.
You are immune to unholy pain and torment.
You cannot drink.
You are immune to poison.
You are too large for most types of armour.
You have claws for hands.
Your natural rate of healing is unusually fast.
You are covered in fur. (AC +1)
You have tough skin. (AC +1)
Your spells are a little easier to cast, but a little less powerful.


Message History

You now have 20680 gold pieces (gained 7).
There is a stone staircase leading up, spattered with blood here.
You fly upwards.
There is a stone staircase leading down here.
Done exploring.
There is a stone staircase leading up here.
You fly upwards.
There is a stone staircase leading down here.
There is a stone staircase leading up here.
You fly upwards.
A shadow demon comes into view.
There is a stone staircase leading down here.
You eviscerate the shadow demon!!!!
You kill the shadow demon!
You now have 20685 gold pieces (gained 5).
There is a stone staircase leading down here.
There is a stone staircase leading up here.
You fly upwards.
There is a stone staircase leading down here.
There is a stone staircase leading up here.
You fly upwards.
There is a stone staircase leading down here.
An ice devil comes into view.
You eviscerate the ice devil!!!!
You kill the ice devil!
No target in view!
No target in view!
No target in view!
No target in view!
No target in view!
No target in view!
No target in view!
No target in view!
You now have 20693 gold pieces (gained 8).
Okay, then.
You cannot drink potions in your current state!
There is a staircase leading out of the dungeon here.
You can't go down here!
Unknown command.
You have escaped!

## ##.......## ##.##..#.######÷#.
# ##.........## #..#..#.#......#.
###...........####.##.#.#...#....
##......#......###..#.#.#####.##.
#......###......###.#.#.......##.
.....)## ##......##.#............
)....## ##......#.#............
....## ##.......##...........
>..## ##..z...##....÷÷.....
....## ##.......##...........
.....## ##......#.##...........
......## ##......##.##########...
#......###......###.# #...##
##......#......###..# #.#.##
###...........####.## #...## #
##....^....## #..# #####'#### ##
##.......## ##.## #.........


There were no monsters in sight!

Vanquished Creatures
  Cerebov (Pan)
  Antaeus (Coc:7)
  the Royal Jelly (Slime:5)
  Asmodeus (Geh:7)
  Ereshkigal (Tar:7)
  Ignacio (Pan)
  Lom Lobon (Pan)
  Gloorx Vloq (Pan)
  Mnoleg (Pan)
  the Serpent of Hell (Coc:7)
  A seraph (Pan)
  15 ancient liches
  14 dread liches
  Dispater (Dis:7)
  3 orbs of fire
  4 juggernauts
  43 royal mummies
  Margery (Vaults:5)
  Sojobo (Depths:3)
  27 shard shrikes
  Josephina (Crypt:1)
  4 Killer Klowns
  Vashnia (Snake:3)
  Frederick (Crypt:2)
  4 curse toes
  Saint Roka (Vaults:5)
  Geryon (Hell)
  40 caustic shrikes
  38 bone dragons
  8 profane servitors
  Jory (Crypt:3)
  15 golden dragons
  8 pearl dragons
  3 electric golems
  19 doom hounds
  18 Brimstone Fiends
  A spectral shard shrike (Tar:4)
  A shard shrike zombie (Abyss:3)
  19 Tzitzimimeh
  9 pandemonium lords
  8 hellephants
  11 iron giants
  Asterion (Depths:1)
  28 Orb Guardians
  20 tainted leviathans
  24 tentacled monstrosities
  40 Ice Fiends
  29 Hell Sentinels
  9 quicksilver dragons
  26 liches
  23 searing wretches
  23 titans
  Grunn (Depths:4)
  16 sphinxes
  2 deep elf master archers (Elf:3)
  A sphinx (shapeshifter) (Vaults:2)
  3 deep elf blademasters
  Murray (Depths:1)
  A walking frostbound tome (Depths:3)
  Agnes (Snake:2)
  45 ancient champions
  3 death cobs
  31 acid blobs
  3 thorn hunters
  22 Executioners
  22 tentacled starspawn (Abyss:3)
  14 tengu reavers
  9 draconian monks
  Aizul (Snake:2)
  Kirke (Snake:2)
  20 storm dragons
  9 fenstrider witches
  9 shadow dragons
  18 azure jellies
  Donald (Elf:3)
  18 daevas
  21 nagarajas
  7 rockslimes
  12 deep elf sorcerers
  13 revenants
  A frost giant (shapeshifter) (Vaults:5)
  4 demonspawn warmongers
  27 fire giants
  8 iron dragons
  25 narguns
  47 balrugs
  3 spectral juggernauts
  6 shard shrike simulacra
  15 quicksilver elementals
  18 draconian knights
  21 frost giants
  13 ghost moths
  8 deep elf elementalists
  13 draconian shifters
  Louise (Snake:2)
  6 ghouls
  17 draconian scorchers
  26 war gargoyles
  32 vault wardens
  4 draconian stormcallers
  12 curse skulls
  6 demonspawn corrupters
  5 orc warlords
  10 demonspawn blood saints
  26 angels
  19 ironbound preservers
  26 reapers
  17 cacodemons
  A juggernaut zombie (Zig:23)
  12 draconian annihilators
  10 formless jellyfish
  21 very ugly things
  16 quicksilver oozes
  3 spriggan defenders (Depths:2)
  3 caustic shrike skeletons
  7 ironbound thunderhulks
  A broodmother (Zig:24)
  28 apis
  6 bunyips
  18 ophanim
  22 vampire knights
  11 green draconians
  20 stone giants
  7 demonspawn black suns
  31 elemental wellsprings
  9 eleionomae
  31 putrid mouths
  8 black draconians
  15 lorocyprocas
  23 red draconians
  17 white draconians
  6 deep elf demonologists (Elf:3)
  14 deep elf annihilators
  16 bennus
  20 dire elephants
  13 wendigos
  Azrael (D:15)
  12 spark wasps
  10 yellow draconians
  9 purple draconians
  14 green deaths
  4 spectral titans
  30 eidola
  21 iron golems
  Snorg (Lair:5)
  16 deep elf death magi
  A spectral quicksilver dragon (Tar:2)
  15 ettins
  32 mummy priests
  21 blizzard demons
  A crystal guardian (Vaults:4)
  2 entropy weavers (Vaults:1)
  9 deep elf high priests
  7 fire dragons
  A spectral golden dragon (Zig:15)
  30 jiangshi
  Fannar (Lair:3)
  14 rakshasas
  14 merfolk javelineers (Zig:27)
  4 merfolk impalers
  20 great orbs of eyes
  21 hydras
  4 shambling mangroves
  17 yaktaur captains
  7 spectral spriggans
  5 ghost crabs
  12 ice dragons
  19 salamander tyrants
  8 ogre magi
  37 vault guards
  8 hell beasts
  A fenstrider witch zombie (Crypt:1)
  13 anacondas
  3 peacekeepers (Vaults:4)
  7 juggernaut simulacra
  A catoblepas (Zig:1)
  8 ironbound frosthearts
  4 merfolk avatars (Zig:27)
  A spectral shadow dragon (Zig:15)
  5 boulder beetles
  2 satyrs (Zig:27)
  12 caustic shrike simulacra
  6 spriggan air magi
  25 stokers
  An alligator (shapeshifter) (Vaults:2)
  2 radroaches (Zig:24)
  13 centaur warriors
  3 sphinx zombies
  15 alligators
  12 deep troll shamans
  3 tengu warriors
  2 spectral stone giants (Tar:1)
  67 death scarabs
  An alligator snapping turtle (Zig:27)
  15 death yaks
  15 merfolk aquamancers
  7 death knights
  13 naga warriors
  10 thrashing horrors
  2 titan zombies
  15 vampire magi
  39 hell hogs
  14 demonic crawlers
  A spectral dire elephant (Tar:2)
  45 dancing weapons
  14 two-headed ogres
  13 naga sharpshooters
  13 deep troll earth magi
  9 shock serpents
  6 occultists
  17 hell knights
  31 soul eaters
  73 sun demons
  12 crystal echidnas
  An emperor scorpion zombie (Tomb:1)
  17 deep elf knights
  A titan skeleton (Zig:23)
  5 spriggan berserkers
  31 sixfirhies
  Sonja (Orc:2)
  2 storm dragon zombies
  9 iron trolls
  A storm dragon skeleton (Crypt:1)
  5 salamander mystics
  40 skeletal warriors
  4 sun moths (Zig:19)
  12 wretched stars (Abyss:3)
  7 sea snakes (Zig:27)
  A spectral anaconda (Tar:2)
  31 cherubim
  2 spatial maelstroms (Abyss:3)
  5 quicksilver dragon simulacra
  9 spriggan druids
  35 shadow wraiths
  4 goliath frogs
  69 large abominations
  13 shadow demons
  52 deep trolls
  14 deep elf archers
  14 swamp dragons
  9 bog bodies
  10 naga ritualists
  15 glowing orange brains
  8 flayed ghosts
  2 orange crystal statues
  A tengu zombie (Zig:23)
  5 arcanists
  An anaconda zombie (Abyss:3)
  2 glowing orange brains (shapeshifter)
  19 ironbound convokers
  An obsidian statue (Zig:2)
  A ghost moth zombie (Crypt:1)
  A mana viper (shapeshifter) (Depths:3)
  Pikel (D:6)
  8 harpies
  A harpy (shapeshifter) (Zig:26)
  A lindwurm (shapeshifter) (Vaults:5)
  12 orc knights
  15 phantasmal warriors
  A fenstrider witch simulacrum (Coc:1)
  A shadow dragon zombie (Vaults:4)
  7 lindwurms
  44 starcursed masses (Abyss:3)
  2 golden dragon skeletons
  37 deep elf pyromancers
  32 deep elf zephyrmancers
  27 necromancers
  2 shadow dragon skeletons
  A wolf spider zombie (Crypt:1)
  A tengu skeleton (Zig:23)
  An anaconda skeleton (Abyss:3)
  20 mana vipers
  5 spectral ettins
  3 orc sorcerers
  A fire giant zombie (Crypt:2)
  8 shining eyes
  27 moths of wrath
  3 oklob plants (Zot:3)
  A wolf spider (shapeshifter) (Depths:1)
  10 cyclopes
  16 manticores
  2 alligator zombies (Hell)
  An iron dragon zombie (Tomb:1)
  Maurice (D:7)
  16 salamanders
  2 spectral centaurs
  44 ugly things
  11 will-o-the-wisps
  A wolf spider (Zig:24)
  3 merfolk sirens (Zig:27)
  Joseph (D:8)
  16 elephants
  9 rust devils
  4 worldbinders
  3 apocalypse crabs
  20 orange demons
  A toenail golem (Zot:3)
  19 vault sentinels
  A naga zombie (Tomb:1)
  9 guardian serpents
  3 human skeletons
  4 ice statues
  2 centaur zombies
  8 eyes of devastation
  3 gargoyles
  54 smoke demons
  16 water nymphs
  43 black mambas
  5 titan simulacra
  38 naga magi
  13 cane toads
  A storm dragon simulacrum (Crypt:3)
  7 unseen horrors
  A centaur skeleton (Pan)
  A dire elephant skeleton (Pan)
  2 kobold blastminers (Orc:2)
  32 hellions
  11 komodo dragons
  2 sea snake zombies (Hell)
  10 efreet
  A kobold demonologist (D:11)
  A tengu conjurer (Depths:3)
  2 rime drakes
  40 yaktaurs
  3 bunyip simulacra
  57 guardian mummies
  4 anaconda simulacra
  29 tormentors
  A swamp worm zombie (Crypt:1)
  18 freezing wraiths
  2 golden dragon simulacra
  4 iron giant simulacra
  7 ice devils
  14 ancient zymes (Abyss:3)
  A harpy zombie (Crypt:1)
  A hydra zombie (Hell)
  8 red devils
  2 silent spectres
  3 spectral harpies
  11 merfolk
  15 trolls
  5 bloated husks
  A hornet (shapeshifter) (Depths:3)
  7 meliai
  21 wind drakes
  7 tyrant leeches
  14 polar bears
  A tarantella (Vaults:1)
  2 harpy skeletons (Pan)
  An alligator simulacrum (Hell)
  20 hellwings
  A snapping turtle (shapeshifter) (Depths:4)
  A shadow dragon simulacrum (Zig:12)
  30 hornets
  17 blink frogs
  A radroach zombie (Crypt:1)
  17 raiju (Abyss:3)
  9 dream sheep
  6 glass eyes
  2 iron dragon simulacra
  2 hydra skeletons (Hell)
  An ettin zombie (Vaults:4)
  A stone giant simulacrum (Coc:7)
  6 snapping turtles (Zig:27)
  102 slime creatures
  68 flying skulls
  6 vampires
  2 spriggans (shapeshifter)
  31 small abominations
  2 spriggan skeletons
  26 spriggans
  8 shadows
  34 ynoxinuls
  12 water elementals
  94 yaks
  2 culicivoras
  3 air elementals
  7 fire elementals
  A black mamba skeleton (Pan)
  17 ushabtiu
  8 dire elephant simulacra
  Eustachio (D:6)
  13 golden eyes
  A wyvern (Lair:5)
  A human (shapeshifter) (Zig:26)
  2 basilisks (Lair:1)
  3 hogs (Snake:2)
  19 chaos spawn
  7 wraiths
  A golden eye (shapeshifter) (Elf:2)
  3 redbacks
  A redback (shapeshifter) (Vaults:5)
  A steam dragon (D:9)
  A spatial vortex (Abyss:3)
  A sea snake simulacrum (Hell)
  20 vampire mosquitoes
  A death yak simulacrum (Orc:1)
  49 nagas
  13 harpy simulacra
  A fire bat zombie (Crypt:2)
  32 neqoxecs
  15 swamp worms
  3 wargs
  A water moccasin (shapeshifter) (Zig:5)
  2 hydra simulacra
  11 water moccasins
  Pargi (Sewer)
  3 acid dragons
  A glowing shapeshifter zombie (Vaults:4)
  13 hell hounds
  20 orc warriors
  6 swamp drakes
  2 sky beasts
  6 black bears
  A black mamba simulacrum (Hell)
  A boggart (shapeshifter) (Zig:26)
  14 ice beasts
  18 ogres
  5 ettin simulacra
  A fire dragon simulacrum (Coc:2)
  32 wolves
  A lindwurm zombie (Crypt:1)
  3 lemures (D:6)
  A hog zombie (Crypt:1)
  A blink frog skeleton (Crypt:1)
  4 boggarts (Lair:5)
  7 centaurs
  The ghost of Takeo the Magician, an amateur DEEE (D:3)
  8 bullfrogs
  2 kobold brigands
  4 earth elementals
  2 two-headed ogre simulacra (Orc:1)
  6 scorpions
  A gnoll sergeant (D:10)
  6 necrophages
  3 wights (D:7)
  A deep troll simulacrum (Crypt:2)
  A yak zombie (Crypt:2)
  A raiju zombie (Crypt:1)
  An elephant simulacrum (Orc:1)
  13 killer bees
  6 howler monkeys
  9 electric eels
  3 quasits
  4 hounds
  17 orc priests
  An iron imp (Abyss:2)
  6 jellies
  2 gnoll boudas
  A basilisk skeleton (Crypt:1)
  28 orc wizards
  2 sleepcaps (D:5)
  3 iguanas
  4 lightning spires (Zot:3)
  A troll simulacrum (Orc:1)
  A hell rat (Zig:18)
  5 spriggan simulacra
  64 mummies
  16 gnolls
  A gnoll (shapeshifter) (Zig:26)
  14 adders
  3 naga simulacra
  2 shadow imps
  6 white imps
  6 ufetubi (Abyss:3)
  An adder zombie (Crypt:2)
  A jelly zombie (Crypt:1)
  6 worms
  5 dart slugs
  70 orcs
  17 bats
  7 endoplasms
  4 giant cockroaches
  8 hobgoblins
  A quokka (D:2)
  14 ball pythons
  4 frilled lizards
  10 goblins
  20 kobolds
  2 orc zombies
  12 rats
  A rat (shapeshifter) (Zig:26)
  3 creeping infernos
  11 fire vortices
  2 lurking horrors (Slime:4)
  23 starspawn tentacles (Abyss:3)
5473 creatures vanquished.

Vanquished Creatures (collateral kills)
  A two-headed ogre (Orc:2)
1 creature vanquished.

Vanquished Creatures (others)
  A pandemonium lord (Pan)
  A shard shrike (Zig:12)
  A hellephant (Pan)
  An Executioner (Pan)
  A fire giant (Geh:7)
  A draconian shifter (Zot:4)
  A fenstrider witch (Zig:20)
  A ghost moth (Zot:2)
  A shard shrike simulacrum (Coc:7)
  3 wendigos
  A red draconian (Zot:2)
  A blizzard demon (Pan)
  2 deep elf death magi (Zig:22)
  3 green deaths
  3 rakshasas (Pan)
  A merfolk aquamancer (Zig:27)
  A spriggan air mage (Zig:20)
  2 deep elf knights
  A shadow wraith (Tar:6)
  2 deep trolls (Orc:1)
  A quicksilver dragon simulacrum (Coc:3)
  A spriggan druid (Zig:20)
  A goliath frog (Zig:20)
  A sphinx simulacrum (Zig:21)
  A will-o-the-wisp (Zig:20)
  A large abomination (Abyss:3)
  A smoke demon (Pan)
  A rime drake (Zig:12)
  A yaktaur (Vaults:1)
  An anaconda simulacrum (Coc:7)
  14 hellions (Pan)
  A golden dragon simulacrum (Zig:21)
  A troll (Vaults:5)
  A hornet (Zig:20)
  A hellwing (Pan)
  4 bloated husks
  A raiju (shapeshifter) (D:15)
  A frost giant simulacrum (Zig:9)
  3 fire bats (Pan)
  A small abomination (Abyss:3)
  2 golden eyes
  An alligator snapping turtle simulacrum (Coc:3)
  2 humans (Snake:2)
  A swamp worm (Swamp:1)
  3 harpy simulacra
  A naga (Zig:17)
  An ettin simulacrum (Coc:7)
  A wolf (Lair:5)
  A quasit (Abyss:3)
  An orc wizard (D:12)
  2 orcs
  4 creeping infernos
  3 fire vortices
  45 foxfires
  A lurking horror (Abyss:3)
  39 starspawn tentacles (Abyss:3)
175 creatures vanquished.

Grand Total: 5649 creatures vanquished

Notes
Turn   | Place    | Note
-------+----------+-------------------------------------------
     0 | D:1      | BigAl98 the Troll Fighter began the quest for the Orb.
     0 | D:1      | Reached XP level 1. HP: 22/22 MP: 0/0
   173 | D:1      | Reached XP level 2. HP: 27/29 MP: 1/1
   318 | D:1      | Reached XP level 3. HP: 34/36 MP: 2/2
  1096 | D:2      | Reached XP level 4. HP: 44/44 MP: 3/3
  1398 | D:3      | Found a runed translucent door.
  1398 | D:3      | Noticed Takeo's ghost (amateur DEEE)
  1658 | D:3      | Reached XP level 5. HP: 52/52 MP: 4/4
  1961 | D:3      | Found a faded altar of an unknown god.
  2126 | D:3      | Killed Takeo's ghost
  2138 | D:4      | Found a staircase to the Ecumenical Temple.
  2151 | Temple   | Entered the Ecumenical Temple
  2160 | Temple   | Became a worshipper of Gozag Ym Sagoz the Greedy
  2193 | D:4      | Found the +3 warlock's mirror {omnireflect}
  2336 | D:4      | Found a hazy altar of Hepliaklqana.
  2378 | D:4      | Noticed a black bear
  2382 | D:4      | Reached skill level 5 in Unarmed Combat
  2382 | D:4      | Reached XP level 6. HP: 59/59 MP: 5/5
  2507 | D:4      | Reached XP level 7. HP: 67/67 MP: 6/6
  2990 | D:5      | Entered Level 5 of the Dungeon
  3722 | D:5      | Found a glowing drain.
  3727 | Sewer    | Entered a sewer
  3775 | Sewer    | Noticed Pargi
  3788 | Sewer    | Killed Pargi
  3789 | Sewer    | Reached skill level 1 in Throwing
  4036 | D:5      | Reached XP level 8. HP: 63/75 MP: 7/7
  4117 | D:6      | Noticed Eustachio
  4338 | D:6      | Noticed Pikel
  4388 | D:6      | Killed Pikel
  4389 | D:6      | Reached skill level 5 in Shields
  4480 | D:6      | You fall into a shaft and drop 2 floors!
  4675 | D:7      | Reached XP level 9. HP: 76/84 MP: 8/8
  4892 | D:6      | Killed Eustachio
  4893 | D:6      | Reached skill level 10 in Unarmed Combat
  5093 | D:6      | Noticed a cyclops
  5099 | D:6      | Killed a cyclops
  5471 | D:7      | Reached XP level 10. HP: 94/94 MP: 9/9
  5476 | D:7      | Noticed Maurice
  5488 | D:7      | Maurice stole 447 gold
  5491 | D:7      | Killed Maurice
  5550 | D:7      | Found a burning altar of Makhleb.
  6100 | D:8      | Found a transporter.
  6108 | D:8      | Found a transporter.
  6115 | D:8      | Found a transporter.
  6238 | D:8      | Found a transporter.
  6302 | D:8      | Paralysed by a hornet for 1 turns
  6699 | D:8      | Noticed Joseph
  6712 | D:8      | Killed Joseph
  6793 | D:8      | Reached skill level 5 in Fighting
  7327 | D:9      | Found an iron altar of Okawaru.
  7594 | D:9      | Found a sparkling altar of Nemelex Xobeh.
  7629 | D:9      | Reached XP level 11. HP: 94/104 MP: 10/10
  7881 | D:10     | Entered Level 10 of the Dungeon
  8308 | D:10     | Found a staircase to the Lair.
  8649 | D:11     | Noticed a boulder beetle
  8663 | D:11     | Killed a boulder beetle
  8948 | D:11     | Noticed a boulder beetle
  8974 | D:11     | Killed a boulder beetle
  9349 | D:11     | Noticed a soul eater
  9434 | D:11     | Noticed a boulder beetle
  9446 | D:11     | Noticed a four-headed hydra
  9451 | D:11     | Killed a boulder beetle
  9452 | D:11     | Reached skill level 10 in Shields
  9476 | D:11     | Killed a four-headed hydra
  9477 | D:11     | Reached XP level 12. HP: 44/115 MP: 11/11
  9566 | D:11     | Identified the staff "Cisso" {SInv Earth}
 10079 | D:11     | Noticed a two-headed ogre
 10091 | D:11     | Killed a two-headed ogre
 10092 | D:11     | Reached skill level 5 in Throwing
 10121 | D:11     | Identified the +1 troll leather armour of Repulsion {Regen+
                  | Int+7}
 10217 | D:10     | Found Nuch's Weapon Shop.
 10222 | D:10     | Noticed a two-headed ogre
 10243 | D:10     | Killed a two-headed ogre
 10629 | D:11     | Identified the +2 pair of boots of Zeowydipn {SInv}
 10807 | D:11     | Noticed a tengu warrior
 10820 | D:11     | Killed a tengu warrior
 10821 | D:11     | Reached skill level 1 in Evocations
 10867 | D:12     | Noticed a boulder beetle
 10875 | D:12     | Killed a boulder beetle
 11007 | D:12     | Reached skill level 1 in Armour
 11028 | D:12     | Found a staircase to the Orcish Mines.
 11153 | D:12     | Noticed a two-headed ogre
 11191 | D:11     | Killed a two-headed ogre
 11669 | Lair:1   | Entered Level 1 of the Lair of Beasts
 12233 | Lair:1   | Reached XP level 13. HP: 114/127 MP: 12/12
 12439 | Lair:2   | Found a staircase to the Snake Pit.
 12457 | Lair:2   | Reached skill level 1 in Shapeshifting
 12570 | Lair:2   | Found a shadowy altar of Dithmenos.
 13680 | Lair:3   | Noticed Fannar
 13698 | Lair:3   | Killed Fannar
 13861 | Lair:3   | Reached skill level 5 in Armour
 13913 | Lair:3   | Found a staircase to the Swamp.
 14411 | Lair:4   | Reached skill level 10 in Throwing
 14544 | Lair:4   | You fall into a shaft and drop 1 floor!
 14544 | Lair:5   | Entered Level 5 of the Lair of Beasts
 14884 | Lair:4   | Reached XP level 14. HP: 72/140 MP: 13/13
 15178 | Lair:4   | Identified a scroll of acquirement
 15179 | Lair:4   | Acquired the +1 fire dragon scales "Esafryl" {Contam rElec
                  | rPois rF++ rC- rN++}
 15995 | Lair:5   | Found a staircase to the Slime Pits.
 16156 | Lair:5   | Noticed Snorg
 16167 | Lair:5   | Killed Snorg
 16168 | Lair:5   | Reached skill level 5 in Shapeshifting
 16524 | Lair:5   | Reached skill level 10 in Fighting
 17906 | Orc:1    | Entered Level 1 of the Orcish Mines
 17906 | Orc:1    | Found a frozen archway.
 17919 | D:12     | Gained mutation: You have a somewhat thin skeletal
                  | structure. (Dex +2, Stealth+) [mutagenic glow]
 18105 | IceCv    | Entered an ice cave
 18463 | IceCv    | Reached XP level 15. HP: 149/149 MP: 14/14
 19280 | Orc:2    | Entered Level 2 of the Orcish Mines
 19280 | Orc:2    | Found Hoeh's Magic Scroll Shoppe.
 19280 | Orc:2    | Found Neosiok's Jewellery Boutique.
 19286 | Orc:2    | Reached skill level 10 in Armour
 19331 | Orc:2    | Found Agej's Assorted Antiques.
 20008 | D:13     | Found Sisun's Armour Shop.
 20016 | D:13     | Bought the +5 Storm Queen's Shield {shock, Fly rElec} for
                  | 729 gold pieces
 20016 | D:13     | Found the +5 Storm Queen's Shield {shock, Fly rElec}
 20016 | D:13     | Bought the +11 gold dragon scales "Qycyguamp" {rPois rF+
                  | rC+ Regen+ Dex+3} for 2099 gold pieces
 20047 | D:13     | Gained mutation: You are vulnerable to heat. (rF-)
                  | [mutagenic glow]
 20105 | D:13     | Found a sacrificial altar of Ru.
 20391 | D:14     | Got Ytroekh's Handbook of Bones and Venom
 20488 | D:14     | Found a gate to the Vaults.
 20718 | D:14     | Found a shimmering blue altar of Sif Muna.
 20734 | D:14     | Got Sif Muna's Compendium of the Mesa
 20859 | D:14     | Noticed Roxanne
 21724 | D:15     | Entered Level 15 of the Dungeon
 21791 | D:15     | Noticed Azrael
 21820 | D:15     | Killed Azrael
 21895 | D:15     | Found a broken altar of Ashenzari.
 21939 | D:15     | Found Haus's Humungous Hoard.
 21944 | D:15     | Bought a +1 hat for 121 gold pieces
 22227 | D:15     | Found a staircase to the Depths.
 22467 | Orc:1    | Reached XP level 16. HP: 120/161 MP: 15/15
 22529 | Orc:1    | Reached skill level 15 in Unarmed Combat
 22709 | Orc:2    | Found Xoedd's CLEARANCE SALE!.
 22713 | Orc:2    | Bought a scroll of teleportation for 15 gold pieces
 22716 | Orc:2    | Found Diaso's Magic Scroll Boutique.
 22718 | Orc:2    | Bought a scroll of acquirement for 676 gold pieces
 22743 | Orc:2    | Bought 2 scrolls of teleportation for 108 gold pieces
 22853 | Orc:2    | Found a staircase to the Elven Halls.
 22886 | Orc:2    | Noticed Sonja
 22891 | Orc:2    | Killed Sonja
 23124 | Orc:2    | Bought a scroll of blinking for 97 gold pieces
 23124 | Orc:2    | Bought a scroll of fear for 52 gold pieces
 23124 | Orc:2    | Bought a scroll of fog for 52 gold pieces
 23124 | Orc:2    | Bought a scroll of identify for 26 gold pieces
 23124 | Orc:2    | Bought a scroll of identify for 26 gold pieces
 23124 | Orc:2    | Bought a scroll of identify for 26 gold pieces
 23124 | Orc:2    | Bought a scroll of identify for 26 gold pieces
 23145 | Orc:2    | Bought a scroll of fear for 72 gold pieces
 23156 | Orc:2    | Bought a potion of berserk rage for 150 gold pieces
 23166 | Orc:2    | Bought a scroll of enchant armour for 135 gold pieces
 23196 | Elf:1    | Entered Level 1 of the Elven Halls
 23675 | Elf:1    | Got Asmodeus's Octavo of the Missiles
 23698 | Elf:1    | Found a runed translucent door.
 23700 | Elf:1    | Noticed Guraer's ghost (veteran OgSh)
 24955 | Elf:2    | Found a huge runed translucent gate.
 24955 | Elf:2    | Found a huge runed translucent gate.
 24955 | Elf:2    | Found a huge runed translucent gate.
 24955 | Elf:2    | Found a huge runed translucent gate.
 24955 | Elf:2    | Found a huge runed translucent gate.
 25357 | Elf:2    | Noticed a deep elf blademaster
 25385 | Elf:2    | Killed a deep elf blademaster
 25503 | Elf:2    | Reached XP level 17. HP: 153/164 MP: 16/16
 26060 | Elf:3    | Entered Level 3 of the Elven Halls
 26215 | Elf:3    | Noticed a Brimstone Fiend
 26543 | Elf:3    | Noticed a deep elf blademaster
 26556 | Elf:3    | Killed a deep elf blademaster
 26564 | Elf:3    | Noticed a deep elf master archer
 26617 | Elf:3    | Killed a deep elf master archer
 26715 | Elf:3    | Identified the +9 halberd of Befulyne {heavy, Will+}
 26734 | Elf:3    | Noticed a Hell Sentinel
 26749 | Abyss:2  | Cast into level 2 of the Abyss (a deep elf sorcerer)
 26805 | Abyss:2  | Gained mutation: You occasionally lose the ability to drink
                  | potions when taking damage. [a cacodemon]
 26808 | Abyss:2  | Gained mutation: You are occasionally teleported next to
                  | monsters. [a cacodemon]
 26812 | Abyss:2  | Reached skill level 10 in Shapeshifting
 26872 | Abyss:2  | Noticed a Hell Sentinel
 26887 | Abyss:2  | Killed a Hell Sentinel
 26923 | Abyss:2  | Noticed a hellephant
 26939 | Abyss:2  | Killed a hellephant
 27069 | Elf:3    | Escaped the Abyss
 27104 | Elf:2    | Lost mutation: You are vulnerable to heat. (rF-) [potion of
                  | mutation]
 27104 | Elf:2    | Lost mutation: You are occasionally teleported next to
                  | monsters. [potion of mutation]
 27104 | Elf:2    | Lost mutation: You have a somewhat thin skeletal structure.
                  | (Dex +2, Stealth+) [potion of mutation]
 27104 | Elf:2    | Gained mutation: You have hidden genetic defects. [potion
                  | of mutation]
 27104 | Elf:2    | Gained mutation: Your muscles are strong. (Str +4, Int/Dex
                  | -1) [potion of mutation]
 27105 | Elf:2    | Lost mutation: Your muscles are strong. (Str +4, Int/Dex
                  | -1) [potion of mutation]
 27105 | Elf:2    | Lost mutation: You occasionally lose the ability to drink
                  | potions when taking damage. [potion of mutation]
 27105 | Elf:2    | Gained mutation: You are robust. (+10% HP) [potion of
                  | mutation]
 27105 | Elf:2    | Gained mutation: Your system is resistant to poisons.
                  | (rPois) [potion of mutation]
 27105 | Elf:2    | Gained mutation: You passively dampen the noise of your
                  | surroundings. [potion of mutation]
 27453 | Elf:3    | Noticed a deep elf blademaster
 27478 | Elf:3    | Killed a deep elf blademaster
 27630 | Elf:3    | Gained mutation: Your body sometimes deteriorates upon
                  | taking damage. [hidden defects]
 27655 | Elf:3    | Got Lauqinny's Directory of Passive Income
 27851 | Elf:3    | Reached XP level 18. HP: 201/201 MP: 17/17
 27870 | Elf:3    | Noticed a Tzitzimitl
 27905 | Elf:3    | Identified the +11 whip "Niob Fia" {freeze, rF++ rCorr}
 28032 | Elf:3    | Lost mutation: You are robust. (+10% HP) [hidden defects]
 28032 | Elf:3    | Lost mutation: You have hidden genetic defects. [hidden
                  | defects expressed]
 28072 | Elf:3    | Noticed a Tzitzimitl
 28150 | Elf:3    | Noticed Donald
 28162 | Elf:3    | Killed Donald
 28278 | Elf:3    | Identified the flux talisman "Xoun" {rElec Will- Int+3}
 28292 | Elf:3    | Identified the staff of the Nexus {rElec Will+ Str+2 Dex+6
                  | Air}
 28294 | Elf:3    | Got the Cyclopedia of the Sweltering Panacea
 28297 | Elf:3    | Got the Exposition on the Curse
 28305 | Elf:3    | Identified the serpent talisman of Lethargy {rPois Int+3
                  | Dex+5}
 28330 | Elf:3    | Identified the staff of Xaekh {rF+ rN+ Fire}
 28899 | Swamp:1  | Entered Level 1 of the Swamp
 29611 | Swamp:2  | Noticed a tentacled monstrosity
 29622 | Swamp:2  | Killed a tentacled monstrosity
 30343 | Swamp:3  | Noticed a tentacled monstrosity
 30361 | Swamp:3  | Killed a tentacled monstrosity
 30879 | Swamp:4  | Entered Level 4 of the Swamp
 31419 | Swamp:4  | Got a decaying rune of Zot
 31820 | Snake:1  | Entered Level 1 of the Snake Pit
 31984 | Snake:1  | Reached XP level 19. HP: 193/193 MP: 0/18
 32835 | Snake:1  | Found Zoqutorr's Book Shop.
 32835 | Snake:1  | Found Xeugam's Jewellery Shoppe.
 32836 | Snake:1  | Found Xocleir's Jewellery Shoppe.
 32842 | Snake:1  | Bought the ring of Edianlirr {rPois rF+ Will+ Int+2} for
                  | 782 gold pieces
 32850 | Snake:1  | Bought the amulet of Adajaod {rF++ Regen+} for 599 gold
                  | pieces
 33053 | Snake:2  | Noticed Kirke
 33070 | Snake:2  | Killed Kirke
 33113 | Snake:2  | Identified the serpent talisman "Coarir" {rC++ Dex+3}
 33113 | Snake:2  | Noticed Aizul
 33141 | Snake:2  | Killed Aizul
 33350 | Snake:2  | Noticed Louise
 33363 | Snake:2  | Killed Louise
 33640 | Snake:2  | Noticed Agnes
 33648 | Snake:2  | Killed Agnes
 34805 | Snake:4  | Entered Level 4 of the Snake Pit
 35160 | Snake:3  | Noticed Vashnia
 35221 | Snake:3  | Killed Vashnia
 35355 | Snake:4  | Found Tintygowk's Armour Boutique.
 35364 | Snake:4  | Found Ydghu's Jewellery Boutique.
 35364 | Snake:4  | Found Amug's Antique Weapon Shop.
 35398 | Snake:4  | Found Nagighuj's Armour Shop.
 35612 | Snake:4  | Reached XP level 20. HP: 205/205 MP: 19/19
 36122 | Snake:4  | Reached skill level 15 in Armour
 36308 | Snake:4  | Got a serpentine rune of Zot
 36470 | Snake:4  | Identified the +0 helmet "Muopifu" {*Corrode rN+ Will+}
 36560 | Snake:1  | Bought the death talisman "Ciboc" {Will++ Int-2 Dex+4
                  | Slay+2} for 2744 gold pieces
 36563 | Snake:1  | Bought a manual of Unarmed Combat for 1120 gold pieces
 36777 | Vaults:1 | Entered Level 1 of the Vaults
 36971 | Vaults:1 | Identified the +4 shortbow of Uwois {heavy, rElec rPois}
 37540 | Vaults:1 | Identified the +7 arbalest "Camyjia" {elec, rC+ rN+}
 38124 | Vaults:2 | You are sucked into a shaft and drop 2 floors!
 39169 | Vaults:4 | Reached XP level 21. HP: 215/215 MP: 20/20
 39360 | Vaults:4 | Found the +5 glaive of the Guard {elec, spectral}
 40444 | Vaults:3 | Reached skill level 15 in Fighting
 40858 | Vaults:3 | Reached skill level 5 in Evocations
 41620 | Vaults:2 | Found the +8 demon trident "Rift" {distort, reach+}
 41664 | Vaults:2 | Found a staircase to the Crypt.
 42620 | Vaults:2 | Found Gavejo's Jewellery Emporium.
 42689 | Vaults:2 | Reached XP level 22. HP: 211/212 MP: 21/21
 42876 | Vaults:2 | Found the +3 pair of seven-league boots {Rampage+∞}
 43136 | Depths:1 | Entered Level 1 of the Depths
 43265 | Depths:1 | Found a one-way gateway to a ziggurat.
 43447 | Depths:1 | Reached skill level 15 in Shapeshifting
 43760 | Depths:1 | Noticed Asterion
 43779 | Depths:1 | Killed Asterion
 44062 | Depths:1 | Found a one-way gate to the infinite horrors of the Abyss.
 44489 | Depths:1 | Found a gateway to Hell.
 45051 | Depths:2 | Found Nyuxynt's Assorted Antiques.
 45176 | Depths:2 | Found a one-way gate leading to the halls of Pandemonium.
 46310 | Depths:3 | Noticed a golden dragon
 46322 | Depths:3 | Killed a golden dragon
 46391 | Depths:3 | Identified the +3 leather armour of the Ditch-Digger {rElec
                  | rC+ Will+ Str+2}
 46392 | Depths:3 | Identified the +9 broad axe of Vynoari {protect, +Blink
                  | rCorr Str-5 Int-3}
 46577 | Depths:3 | Noticed a caustic shrike
 46587 | Depths:3 | Killed a caustic shrike
 46615 | Depths:2 | Noticed a juggernaut
 46627 | Depths:2 | Killed a juggernaut
 46893 | Depths:3 | Reached XP level 23. HP: 197/236 MP: 22/22
 47313 | Depths:3 | Noticed a caustic shrike
 47405 | Depths:2 | Killed a caustic shrike
 47549 | Depths:3 | Identified the +5 swamp dragon scales of Nemelex Xobeh
                  | {rPois rC+ SInv}
 48201 | Depths:4 | Entered Level 4 of the Depths
 48201 | Depths:4 | Noticed Sojobo
 48211 | Depths:3 | Paralysed by an air elemental for 1 turns
 48218 | Depths:3 | Paralysed by an air elemental for 1 turns
 48226 | Depths:3 | Killed Sojobo
 48413 | Depths:4 | Noticed a caustic shrike
 48434 | Depths:3 | Killed a caustic shrike
 48471 | Depths:4 | Noticed a caustic shrike
 48497 | Depths:4 | Noticed a caustic shrike
 48499 | Depths:4 | Killed a caustic shrike
 48508 | Depths:4 | Killed a caustic shrike
 48697 | Depths:4 | Noticed a caustic shrike
 48706 | Depths:4 | Killed a caustic shrike
 48940 | Depths:4 | Noticed Grunn
 48962 | Depths:4 | Killed Grunn
 49627 | Depths:4 | Found a gate to the Realm of Zot.
 49780 | Depths:4 | Noticed a caustic shrike
 49794 | Depths:4 | Killed a caustic shrike
 49892 | Depths:4 | Noticed a caustic shrike
 49903 | Depths:4 | Killed a caustic shrike
 49945 | Depths:4 | Found a glowing golden altar of the Shining One.
 50079 | Depths:4 | Reached XP level 24. HP: 213/247 MP: 22/22
 50171 | Depths:4 | Identified the +0 demon blade "Qyifer" {pain, Dex+2}
 50571 | Vaults:5 | Entered Level 5 of the Vaults
 50765 | Vaults:5 | Noticed a dread lich
 50778 | Vaults:5 | Killed a dread lich
 50809 | Vaults:5 | Noticed Saint Roka
 50841 | Vaults:5 | Killed Saint Roka
 51260 | Vaults:5 | Noticed Margery
 51277 | Vaults:5 | Killed Margery
 51324 | Vaults:5 | Identified the staff of the Jolly Moons {rPois Stlth+
                  | Poison}
 52263 | Vaults:5 | Got the Discourse on Flesh and the Sphinx
 52435 | Vaults:5 | Got a silver rune of Zot
 52534 | Vaults:5 | Identified the +0 hand axe "Imemepus" {venom, +Blink}
 52583 | Vaults:5 | Identified the +6 great mace of the Ten Dreams {flame,
                  | Str+4}
 52971 | Zot:1    | Entered Level 1 of the Realm of Zot
 52974 | Zot:1    | Noticed an orb of fire
 53312 | Zot:1    | Gained mutation: Your body often deteriorates upon taking
                  | damage. [an orb of fire]
 53318 | Zot:1    | Gained mutation: You are clumsy. (Dex -2) [an orb of fire]
 53319 | Zot:1    | Gained mutation: You are vulnerable to cold. (rC-) [an orb
                  | of fire]
 53322 | Zot:1    | Killed an orb of fire
 53325 | Zot:1    | Lost mutation: You are vulnerable to cold. (rC-) [potion of
                  | mutation]
 53325 | Zot:1    | Lost mutation: Your system is resistant to poisons. (rPois)
                  | [potion of mutation]
 53325 | Zot:1    | Gained mutation: Potions are less effective at restoring
                  | your health. [potion of mutation]
 53325 | Zot:1    | Gained mutation: You are partially covered in iridescent
                  | scales. (AC +2) [potion of mutation]
 53326 | Zot:1    | Lost mutation: You passively dampen the noise of your
                  | surroundings. [potion of mutation]
 53326 | Zot:1    | Lost mutation: Your body often deteriorates upon taking
                  | damage. [potion of mutation]
 53326 | Zot:1    | Lost mutation: Potions are less effective at restoring your
                  | health. [potion of mutation]
 53326 | Zot:1    | Lost mutation: You are clumsy. (Dex -2) [potion of
                  | mutation]
 53326 | Zot:1    | Gained mutation: Your body often deteriorates upon taking
                  | damage. [potion of mutation]
 53326 | Zot:1    | Gained mutation: You are robust. (+10% HP) [potion of
                  | mutation]
 53346 | Zot:1    | Bought a potion of heal wounds for 85 gold pieces
 53346 | Zot:1    | Bought a potion of might for 68 gold pieces
 53355 | Zot:1    | Bought the ring "Sisifagg" {rC+ rN+ Dex+6 Stlth+} for 855
                  | gold pieces
 53467 | Zot:1    | Reached skill level 15 in Throwing
 54193 | Zot:1    | Bought a potion of haste for 170 gold pieces
 54270 | Zot:2    | Reached XP level 25. HP: 258/286 MP: 22/22
 55506 | Zot:2    | Noticed a dread lich
 55512 | Zot:2    | Noticed a dread lich
 55520 | Zot:2    | Paralysed by a dread lich for 4 turns
 55531 | Zot:2    | Killed a dread lich
 55547 | Zot:2    | Killed a dread lich
 55606 | Zot:2    | Found a candlelit altar of Ignis.
 55618 | Zot:2    | Identified the +6 hand axe of Midnight {spect, rElec rPois
                  | Dex+3}
 56880 | Zot:3    | Identified the orb of Yesterday {mayhem, +Inv rPois Str+3
                  | Int-3}
 57893 | Zot:3    | Found a sparkling altar of Nemelex Xobeh.
 59018 | Zot:4    | Identified the +5 scimitar of the Final Decision {heavy,
                  | Fly rElec}
 59225 | Zot:5    | Entered Level 5 of the Realm of Zot
 59309 | Zot:4    | Reached XP level 26. HP: 301/301 MP: 22/22
 59415 | Zot:5    | Reached skill level 1 in Stealth
 59982 | Zot:5    | Noticed an orb of fire
 60004 | Zot:5    | Killed an orb of fire
 60005 | Zot:5    | Noticed a dread lich
 60021 | Zot:5    | Killed a dread lich
 60081 | Zot:5    | Noticed an ancient lich
 60119 | Zot:5    | Killed an ancient lich
 60182 | Zot:5    | Noticed an ancient lich
 60187 | Zot:5    | Noticed an ancient lich
 60206 | Zot:5    | Killed an ancient lich
 60210 | Zot:5    | Killed an ancient lich
 60369 | Zot:5    | Noticed a dread lich
 60396 | Zot:5    | Killed a dread lich
 60609 | Zot:5    | Noticed an orb of fire
 60778 | Zot:5    | Killed an orb of fire
 60878 | Zot:5    | Noticed a dread lich
 60883 | Zot:5    | Killed a dread lich
 61069 | Zot:5    | Noticed a dread lich
 61088 | Zot:5    | Killed a dread lich
 61695 | Slime:1  | Entered Level 1 of the Pits of Slime
 61811 | Slime:1  | Gained mutation: Your mind is acute. (Int +4, Str/Dex -1)
                  | [a shining eye]
 64523 | Slime:4  | Found a corrupted altar of Lugonu.
 64927 | Slime:5  | Entered Level 5 of the Pits of Slime
 64937 | Slime:5  | Reached XP level 27. HP: 310/310 MP: 22/22
 65229 | Slime:5  | Noticed the Royal Jelly
 65237 | Slime:5  | Killed the Royal Jelly
 65373 | Slime:5  | Identified the +4 rapier "Menowe" {heavy, Str+3 Dex+3 SInv}
 65386 | Slime:5  | Identified the +3 dagger "Hugaidosasch" {flame, rN+}
 65567 | Slime:5  | Got a slimy rune of Zot
 65898 | Slime:5  | Acquired 967 gold pieces
 66371 | Hell     | Entered the Vestibule of Hell
 66371 | Hell     | Noticed Geryon
 66397 | Hell     | Noticed Murray
 66463 | Depths:1 | Killed Murray
 66917 | Hell     | Killed Geryon
 67092 | Hell     | Found a gateway to the freezing wastes of Cocytus.
 67259 | Hell     | Found a gateway to the Iron City of Dis.
 67369 | Hell     | Found a gateway to the ashen valley of Gehenna.
 67409 | Hell     | Found a gateway to the decaying netherworld of Tartarus.
 67623 | Pan      | Entered Pandemonium
 67700 | Pan      | Noticed Viedao the pandemonium lord
 67724 | Pan      | Killed Viedao the pandemonium lord
 67808 | Pan      | Entered the realm of Cerebov.
 67929 | Pan      | Found an exit through the horrors of the Abyss.
 68111 | Pan      | Identified the +8 great sword of Aschit {pain, *Corrode Fly
                  | rC+ Int+7}
 68111 | Pan      | Identified the amulet "Diribb" {Spirit rF- rCorr SInv}
 68174 | Pan      | Found the +6 sword of Cerebov {flame}
 68174 | Pan      | Noticed Cerebov
 68205 | Pan      | Killed Cerebov
 68272 | Pan      | Identified the staff of Cisev {rF+ rC+ Int+3 Fire}
 68344 | Pan      | Identified the +6 dire flail of Maod {distort, Dex+2
                  | Stlth+}
 68363 | Pan      | Identified the +5 war axe "Qetuput" {freeze, rPois Str-4
                  | Int+3 Stlth+}
 68382 | Pan      | Identified the +4 rapier "Wirhicut" {flame, rC+}
 68384 | Pan      | Identified the +7 orcbow of Bodily Humours {flame, rC-
                  | rCorr Dex+7 Stlth+}
 68385 | Pan      | Identified the +9 mace "Osu Utot" {freeze, *Noise Fly rF+
                  | rN++}
 68411 | Pan      | Got a fiery rune of Zot
 68814 | Pan      | Identified the staff of Purpose {Drain Fly rF+ Stlth+
                  | Earth}
 68815 | Pan      | Identified the amulet "Hedd" {Acrobat +Inv}
 68916 | Pan      | Found an exit through the horrors of the Abyss.
 69302 | Pan      | Noticed Asumabis the pandemonium lord
 69329 | Pan      | Killed Asumabis the pandemonium lord
 69616 | Pan      | Reached skill level 15 in Shields
 69645 | Pan      | Found a huge runed translucent gate.
 69645 | Pan      | Found a huge runed translucent gate.
 69645 | Pan      | Found a huge runed translucent gate.
 69885 | Pan      | Noticed Zaajimeu the pandemonium lord
 69897 | Pan      | Killed Zaajimeu the pandemonium lord
 70407 | Pan      | Entered the realm of Lom Lobon.
 70851 | Pan      | Noticed Ignacio
 70863 | Pan      | Killed Ignacio
 71607 | Pan      | Noticed Lom Lobon
 71634 | Pan      | Killed Lom Lobon
 71754 | Pan      | Got a magical rune of Zot
 71797 | Pan      | Upgraded the game from 0.31-a0-1091-g283494c966 to
                  | 0.31-a0-1096-g246cf0196b
 72002 | Pan      | Identified the +7 shortbow of the Ship {freeze, Str+2}
 72303 | Pan      | Noticed Radinl Hurr the pandemonium lord
 72313 | Pan      | Killed Radinl Hurr the pandemonium lord
 72683 | Pan      | Identified the +10 long sword of Destiny {venom, rElec rC-
                  | rCorr}
 72749 | Pan      | Found a runed translucent door.
 72773 | Pan      | Got a demonic rune of Zot
 72790 | Pan      | Got Jetheen's Catalogue of Bones
 73205 | Pan      | Noticed Awytaze the pandemonium lord
 73219 | Pan      | Killed Awytaze the pandemonium lord
 73840 | Pan      | Got Kaung's Encyclopedia of Volcanic Frostbite
 73975 | Pan      | Entered the realm of Mnoleg.
 73992 | Pan      | Found an exit through the horrors of the Abyss.
 74516 | Pan      | Noticed Mnoleg
 74539 | Pan      | Killed Mnoleg
 74587 | Pan      | Got a glowing rune of Zot
 74809 | Pan      | Entered the realm of Gloorx Vloq.
 75083 | Pan      | Identified the +1 scale mail of the Forest {SInv}
 75149 | Pan      | Noticed Gloorx Vloq
 75163 | Pan      | Killed Gloorx Vloq
 75206 | Pan      | Got a dark rune of Zot
 75482 | Pan      | Found an exit through the horrors of the Abyss.
 76244 | Pan      | Identified the +12 tower shield of Honour {Rampage rElec}
 76297 | Pan      | Found a glowing silver altar of Zin.
 76763 | Pan      | Found a white marble altar of Elyvilon.
 77346 | Pan      | Noticed a seraph
 77363 | Pan      | Killed a seraph
 77377 | Pan      | Found a glowing golden altar of the Shining One.
 77412 | Pan      | Identified the ring "Ifog" {rN+++ rCorr Str+4}
 78214 | Pan      | Noticed Zurim the pandemonium lord
 78235 | Depths:2 | Escaped Pandemonium
 78415 | Depths:1 | Voluntarily entered the Abyss.
 78725 | Abyss:3  | Found a corrupted altar of Lugonu.
 78819 | Abyss:3  | Noticed an ancient lich
 78825 | Abyss:3  | Killed an ancient lich
 79138 | Abyss:3  | Found a corrupted altar of Lugonu.
 79194 | Abyss:3  | Found a corrupted altar of Lugonu.
 79234 | Abyss:3  | Noticed a dread lich
 79243 | Abyss:3  | Killed a dread lich
 79476 | Abyss:3  | Found a corrupted altar of Lugonu.
 80013 | Abyss:3  | Reached skill level 27 in Shapeshifting
 80266 | Abyss:3  | Found a corrupted altar of Lugonu.
 80271 | Abyss:3  | Found a radiant altar of Vehumet.
 80324 | Abyss:3  | Paralysed by accursed screaming for 1 turns
 80338 | Abyss:3  | Paralysed by accursed screaming for 2 turns
 80408 | Abyss:3  | Got an abyssal rune of Zot
 80694 | Depths:1 | Escaped the Abyss
 80758 | Coc:1    | Entered Level 1 of Cocytus
 82388 | Coc:7    | Entered Level 7 of Cocytus
 82524 | Coc:7    | Paralysed by a wendigo for 1 turns
 82668 | Coc:7    | Identified the death talisman "Fiqemo Ysai" {Dex+2}
 82674 | Coc:7    | Identified the +0 ring mail of Ofaenis {Contam rPois Int+8
                  | Stlth+}
 82812 | Coc:7    | Identified the ring "Ipliyll" {rF+ rC- MP+9 Dex+5}
 82876 | Coc:7    | Noticed a dread lich
 82881 | Coc:7    | Noticed the Serpent of Hell
 82883 | Coc:7    | Reached skill level 5 in Dodging
 82891 | Coc:7    | Killed a dread lich
 82898 | Coc:7    | Killed the Serpent of Hell
 82912 | Coc:7    | Paralysed by a wendigo for 1 turns
 82947 | Coc:7    | Noticed Antaeus
 82977 | Coc:7    | Killed Antaeus
 83032 | Coc:7    | Got an icy rune of Zot
 83454 | Geh:1    | Entered Level 1 of Gehenna
 84188 | Geh:3    | You are sucked into a shaft and drop 3 floors!
 84414 | Geh:7    | Entered Level 7 of Gehenna
 84960 | Geh:7    | Found the +5 Force Lance {heavy, knockback}
 84985 | Geh:7    | Identified the amulet "Zexaskuap" {Reflect rN+ Regen+ Dex+7
                  | SH+5 Stlth+}
 84987 | Geh:7    | Identified the ring "Goyraf" {rN+ EV+5}
 84993 | Geh:7    | Got Supim's Last Secrets of Gnosis
 85365 | Geh:7    | Found the +13 sceptre of Asmodeus
 85365 | Geh:7    | Noticed Asmodeus
 85386 | Geh:7    | Killed Asmodeus
 85464 | Geh:7    | Got an obsidian rune of Zot
 86269 | Tar:1    | Entered Level 1 of Tartarus
 86310 | Tar:1    | Noticed a dread lich
 86326 | Tar:1    | Killed a dread lich
 86723 | Tar:2    | You are sucked into a shaft and drop 2 floors!
 86757 | Tar:4    | Reached skill level 27 in Unarmed Combat
 87520 | Tar:7    | Entered Level 7 of Tartarus
 88069 | Tar:7    | Reached skill level 10 in Dodging
 88280 | Tar:7    | Noticed an ancient lich
 88295 | Tar:7    | Killed an ancient lich
 88315 | Tar:7    | Noticed an ancient lich
 88336 | Tar:7    | Killed an ancient lich
 88475 | Tar:7    | Identified the +1 plate armour "Zaha Dov" {Will+}
 88646 | Tar:7    | Noticed a dread lich
 88647 | Tar:7    | Noticed an ancient lich
 88655 | Tar:7    | Killed an ancient lich
 88669 | Tar:7    | Killed a dread lich
 88683 | Tar:7    | Identified the +1 cloak of the Knight of Cups {rPois Will-
                  | Str+3 Int+5}
 88685 | Tar:7    | Identified the ring "Metuf" {Fly Int+5 Dex-5 Slay+2}
 88733 | Tar:7    | Reached skill level 27 in Shields
 88861 | Tar:7    | Identified the ring of Bywkylao {rElec rN+ Will+ Int+2}
 88985 | Tar:7    | Identified the +1 whip "Salowke" {vamp, rElec}
 88986 | Tar:7    | Identified the +3 falchion of the Gnat {drain, rN+ Will+
                  | Dex+3}
 89031 | Tar:7    | Noticed Ereshkigal
 89056 | Tar:7    | Killed Ereshkigal
 89262 | Tar:7    | Got a bone rune of Zot
 89310 | Tar:7    | Identified the +6 great sword "Jeilyomm" {flame, Dex+3}
 89402 | Tar:7    | Identified the ring of Midwinter {Fly rPois rF+ Int-4}
 89485 | Dis:1    | Entered Level 1 of the Iron City of Dis
 89790 | Dis:2    | You are sucked into a shaft and drop 2 floors!
 90422 | Dis:6    | Noticed an ancient lich
 90647 | Dis:7    | Entered Level 7 of the Iron City of Dis
 91769 | Dis:7    | Noticed a juggernaut
 91776 | Dis:7    | Killed a juggernaut
 91802 | Dis:7    | Identified the +0 leather armour of Proximity {+Blink}
 92028 | Dis:7    | Noticed a juggernaut
 92037 | Dis:7    | Killed a juggernaut
 92093 | Dis:7    | Found the +7 great mace "Undeadhunter" {deathbane, rN+}
 92099 | Dis:7    | Identified the +3 morningstar of Womexzoh {heavy, *Rage
                  | rElec rF++ rCorr}
 92100 | Dis:7    | Identified the ring of the Swan {rF+ rC+ Str+6 Int+3}
 92587 | Dis:7    | Noticed a juggernaut
 92593 | Dis:7    | Killed a juggernaut
 92603 | Dis:7    | Noticed Dispater
 92621 | Dis:7    | Killed Dispater
 92647 | Dis:7    | Identified the orb of Ashenzari, Destroying {*Rage, rPois
                  | Str+3 Int-4}
 92654 | Dis:7    | Got an iron rune of Zot
 92698 | Dis:7    | Identified the +4 long sword "Ogreslayer" {elec, rPois
                  | Str+6 Int-5 Dex-4}
 93173 | Crypt:1  | Entered Level 1 of the Crypt
 93837 | Crypt:1  | Identified the +0 sling of Teakoudgh {freeze, Str+4 Dex+4}
 94176 | Crypt:2  | Identified the ring of Sefaots {Ice Str+3}
 94176 | Crypt:2  | Noticed Josephina
 94209 | Crypt:1  | Killed Josephina
 94218 | Crypt:1  | Reached skill level 5 in Stealth
 94338 | Crypt:2  | Identified the +3 scimitar "Widowmaker" {venom, *Rage rF+++
                  | Will+ Int+3}
 94356 | Crypt:2  | Noticed Frederick
 94360 | Crypt:2  | Killed Frederick
 94677 | Crypt:3  | Entered Level 3 of the Crypt
 94869 | Crypt:3  | Found a basalt altar of Yredelemnul.
 95100 | Crypt:3  | Identified the +3 scale mail "Uxaa" {Will- Regen+ Str+9}
 95484 | Crypt:3  | Identified the +1 great sword "Jen Ywa" {venom, SInv}
 95485 | Crypt:3  | Identified the amulet "Luashreno" {Faith Rampage Fly Str+2}
 95511 | Crypt:3  | Noticed Jory
 95551 | Crypt:3  | Killed Jory
 95640 | Crypt:3  | Found a staircase to the Tomb.
 95910 | Tomb:1   | Entered Level 1 of the Tomb of the Ancients
 96095 | Tomb:1   | Identified the +3 quarterstaff "Coangoecon" {venom, rElec}
 96530 | Tomb:1   | Noticed a royal mummy
 96541 | Tomb:1   | Killed a royal mummy
 96542 | Tomb:1   | Noticed a royal mummy
 96555 | Tomb:1   | Killed a royal mummy
 96973 | Tomb:2   | Noticed a royal mummy
 96974 | Tomb:2   | Noticed a royal mummy
 96974 | Tomb:2   | Noticed a royal mummy
 96982 | Tomb:2   | Noticed a royal mummy
 96985 | Tomb:2   | Noticed a royal mummy
 97015 | Tomb:2   | Killed a royal mummy
 97020 | Tomb:2   | Killed a royal mummy
 97025 | Tomb:2   | Killed a royal mummy
 97105 | Tomb:2   | Killed a royal mummy
 97140 | Tomb:2   | Killed a royal mummy
 97625 | Tomb:1   | Noticed a royal mummy
 97629 | Tomb:1   | Noticed a royal mummy
 97639 | Tomb:1   | Noticed a royal mummy
 97649 | Tomb:1   | Killed a royal mummy
 97655 | Tomb:1   | Killed a royal mummy
 97664 | Tomb:1   | Killed a royal mummy
 97695 | Tomb:1   | Noticed a royal mummy
 97698 | Tomb:1   | Noticed a royal mummy
 97700 | Tomb:1   | Killed a royal mummy
 97700 | Tomb:1   | Noticed a royal mummy
 97708 | Tomb:1   | Killed a royal mummy
 97709 | Tomb:1   | Noticed a royal mummy
 97716 | Tomb:1   | Killed a royal mummy
 97716 | Tomb:1   | Noticed a royal mummy
 97724 | Tomb:1   | Killed a royal mummy
 97733 | Tomb:1   | Killed a royal mummy
 97775 | Tomb:1   | Noticed a royal mummy
 97784 | Tomb:1   | Killed a royal mummy
 97787 | Tomb:1   | Noticed a royal mummy
 97789 | Tomb:1   | Noticed a royal mummy
 97799 | Tomb:1   | Killed a royal mummy
 97804 | Tomb:1   | Killed a royal mummy
 97811 | Tomb:1   | Noticed a royal mummy
 97820 | Tomb:1   | Killed a royal mummy
 97830 | Tomb:1   | Noticed a royal mummy
 97857 | Tomb:1   | Killed a royal mummy
 97860 | Tomb:1   | Noticed a royal mummy
 97875 | Tomb:1   | Killed a royal mummy
 97887 | Tomb:1   | Noticed a royal mummy
 97888 | Tomb:1   | Noticed a royal mummy
 97896 | Tomb:1   | Killed a royal mummy
 97911 | Tomb:1   | Killed a royal mummy
 97941 | Tomb:1   | Noticed a royal mummy
 97955 | Tomb:1   | Killed a royal mummy
 97959 | Tomb:1   | Noticed a royal mummy
 97970 | Tomb:1   | Noticed a royal mummy
 97985 | Tomb:1   | Killed a royal mummy
 98001 | Tomb:1   | Killed a royal mummy
 98303 | Tomb:3   | Entered Level 3 of the Tomb of the Ancients
 98318 | Tomb:3   | Noticed a royal mummy
 98318 | Tomb:3   | Noticed a royal mummy
 98328 | Tomb:3   | Noticed a royal mummy
 98354 | Tomb:3   | Noticed a royal mummy
 98372 | Tomb:3   | Killed a royal mummy
 98377 | Tomb:3   | Killed a royal mummy
 98378 | Tomb:3   | Reached skill level 27 in Armour
 98385 | Tomb:3   | Killed a royal mummy
 98414 | Tomb:3   | Noticed a royal mummy
 98467 | Tomb:3   | Killed a royal mummy
 98487 | Tomb:3   | Killed a royal mummy
 98572 | Tomb:3   | Found the +11 plutonium sword {Contam Stlth-}
 98572 | Tomb:3   | Found the +3 greatsling "Punk" {acid, rCorr}
 98577 | Tomb:3   | Found the +8 storm bow {elec, penet}
 98596 | Tomb:3   | Identified the staff of the Distant Future {rElec SInv Air}
 98610 | Tomb:3   | Identified the +5 dagger of the Zealous God {flame, rCorr}
 98618 | Tomb:3   | Identified the +10 dagger of a treasure trove {heavy, *Slow
                  | rC+ Str+4}
 98620 | Tomb:3   | Identified the +11 rapier "Naerovoq" {spect, rPois}
 98625 | Tomb:3   | Identified the ring "Afituz" {Fly rN+ Str-2 Int+4 Dex+3}
 98648 | Tomb:3   | Identified the +6 battleaxe of Wisdom {heavy, Int+4 Stlth+}
 98663 | Tomb:3   | Identified the +5 rapier of Genalah {flame, rN+}
 98692 | Tomb:3   | Noticed a royal mummy
 98704 | Tomb:3   | Killed a royal mummy
 98709 | Tomb:3   | Identified the +6 dagger of Melee {protect, Will+ Dex+3}
 98709 | Tomb:3   | Noticed a royal mummy
 98725 | Tomb:3   | Killed a royal mummy
 98731 | Tomb:3   | Noticed a royal mummy
 98742 | Tomb:3   | Killed a royal mummy
 99080 | Tomb:3   | Got a golden rune of Zot
 99596 | Zig:1    | Entered Level 1 of a ziggurat
 99627 | Zig:2    | Entered Level 2 of a ziggurat
 99719 | Zig:3    | Entered Level 3 of a ziggurat
 99755 | Zig:4    | Entered Level 4 of a ziggurat
 99794 | Zig:4    | Identified the staff of Taxation {rElec rF- Dex+6 Air}
 99802 | Zig:5    | Entered Level 5 of a ziggurat
 99808 | Zig:5    | Noticed Kabimo the pandemonium lord
 99816 | Zig:5    | Killed Kabimo the pandemonium lord
 99876 | Zig:6    | Entered Level 6 of a ziggurat
 99923 | Zig:6    | Identified the +6 morningstar of Gluttony {drain, *Rage
                  | Fragile rElec rCorr}
 99929 | Zig:6    | Identified the +1 battleaxe of Untimely Demise {freeze,
                  | Int+3}
 99930 | Zig:6    | Identified the +3 trident of Untalez {protect, rF+}
 99933 | Zig:6    | Identified the +1 scimitar of an ice cave {protect, rC+}
 99936 | Zig:7    | Entered Level 7 of a ziggurat
 99942 | Zig:7    | Found the +13 scythe of Curses {drain, curses, Drain}
100032 | Zig:7    | Identified the staff of Mayhem {rElec rF- rC++ Str-2 Dex+3
                  | Air}
100062 | Zig:8    | Entered Level 8 of a ziggurat
100148 | Zig:9    | Entered Level 9 of a ziggurat
100255 | Zig:10   | Entered Level 10 of a ziggurat
100264 | Zig:10   | Noticed Siusenot the pandemonium lord
100298 | Zig:10   | Killed Siusenot the pandemonium lord
100399 | Zig:10   | Identified the +8 mace of Dullness {venom, rF++ rN+}
100416 | Zig:11   | Entered Level 11 of a ziggurat
100425 | Zig:11   | Found the +0 mask of the Dragon {Will+ Slay+3 SInv}
100562 | Zig:12   | Entered Level 12 of a ziggurat
100571 | Zig:12   | Found the ring of Shadows {Umbra +Inv Stlth+}
100677 | Zig:12   | Identified the +5 hand axe "Ovol" {speed, rCorr}
100679 | Zig:12   | Identified the +6 war axe "Ogrebane" {pain, *Rage rPois
                  | MP+9}
100686 | Zig:13   | Entered Level 13 of a ziggurat
100697 | Zig:13   | Noticed a dread lich
100740 | Zig:13   | Killed a dread lich
100820 | Zig:13   | Identified the ring "Gioh" {rC+ AC+4}
100844 | Zig:14   | Entered Level 14 of a ziggurat
100958 | Zig:14   | Identified the staff of Baxu {*Slow rF+++ rCorr Int-5 Conj}
100986 | Zig:15   | Entered Level 15 of a ziggurat
100997 | Zig:15   | Found the +8 trishula "Condemnation" {holy, anguish, *Noise
                  | Fly rN+}
101114 | Zig:15   | Identified the +8 sling of Malum In Se {flame, Dex+3
                  | Stlth+}
101154 | Zig:16   | Entered Level 16 of a ziggurat
101361 | Zig:16   | Identified the +2 demon blade of the Land of Plenty
                  | {freeze, Dex+3}
101379 | Zig:17   | Entered Level 17 of a ziggurat
101560 | Zig:17   | Identified the +10 arbalest of Vuba {speed, rPois Str+3}
101569 | Zig:17   | Identified the +2 mace of the Beginning {protect, MP+9
                  | Int-2 Stlth+}
101595 | Zig:18   | Entered Level 18 of a ziggurat
101810 | Zig:18   | Reached skill level 15 in Dodging
101814 | Zig:18   | Identified the +0 robe of Ennui {rElec Int+7 Dex+3}
101821 | Zig:18   | Identified the ring of Qafacrusk {Int+6 Dex+3}
101827 | Zig:18   | Lost mutation: Your mind is acute. (Int +4, Str/Dex -1)
                  | [potion of mutation]
101827 | Zig:18   | Lost mutation: You are partially covered in iridescent
                  | scales. (AC +2) [potion of mutation]
101827 | Zig:18   | Lost mutation: Your body often deteriorates upon taking
                  | damage. [potion of mutation]
101827 | Zig:18   | Gained mutation: You are occasionally teleported next to
                  | monsters. [potion of mutation]
101827 | Zig:18   | Gained mutation: You have a pair of small horns on your
                  | head. [potion of mutation]
101827 | Zig:18   | Gained mutation: Your mind is acute. (Int +4, Str/Dex -1)
                  | [potion of mutation]
101827 | Zig:18   | Gained mutation: You have a somewhat thin skeletal
                  | structure. (Dex +2, Stealth+) [potion of mutation]
101828 | Zig:18   | Lost mutation: Your body sometimes deteriorates upon taking
                  | damage. [potion of mutation]
101828 | Zig:18   | Lost mutation: You have a pair of small horns on your head.
                  | [potion of mutation]
101828 | Zig:18   | Gained mutation: You expend magic power (3 MP) to
                  | strengthen your wands. [potion of mutation]
101828 | Zig:18   | Gained mutation: Your mind is very acute. (Int +8, Str/Dex
                  | -2) [potion of mutation]
101828 | Zig:18   | Gained mutation: You occasionally lose the ability to read
                  | scrolls when taking damage. [potion of mutation]
101829 | Zig:18   | Lost mutation: Your mind is very acute. (Int +8, Str/Dex
                  | -2) [potion of mutation]
101829 | Zig:18   | Lost mutation: You have a somewhat thin skeletal structure.
                  | (Dex +2, Stealth+) [potion of mutation]
101829 | Zig:18   | Lost mutation: You occasionally lose the ability to read
                  | scrolls when taking damage. [potion of mutation]
101829 | Zig:18   | Lost mutation: You are occasionally teleported next to
                  | monsters. [potion of mutation]
101830 | Zig:18   | Lost mutation: You are robust. (+10% HP) [potion of
                  | mutation]
101830 | Zig:18   | Lost mutation: You expend magic power (3 MP) to strengthen
                  | your wands. [potion of mutation]
101830 | Zig:18   | Gained mutation: You occasionally shout uncontrollably at
                  | your foes. [potion of mutation]
101830 | Zig:18   | Gained mutation: You possess an exceptional clarity of
                  | mind. [potion of mutation]
101830 | Zig:18   | Gained mutation: You expend magic power (3 MP) to
                  | strengthen your wands. [potion of mutation]
101830 | Zig:18   | Gained mutation: You are somewhat resistant to further
                  | mutation. [potion of mutation]
101833 | Zig:18   | Lost mutation: You expend magic power (3 MP) to strengthen
                  | your wands. [potion of mutation]
101833 | Zig:18   | Lost mutation: Your mind is acute. (Int +4, Str/Dex -1)
                  | [potion of mutation]
101833 | Zig:18   | Lost mutation: You possess an exceptional clarity of mind.
                  | [potion of mutation]
101834 | Zig:18   | Lost mutation: You occasionally shout uncontrollably at
                  | your foes. [potion of mutation]
101834 | Zig:18   | Lost mutation: You are somewhat resistant to further
                  | mutation. [potion of mutation]
101834 | Zig:18   | Gained mutation: You are agile. (Dex +4, Str/Int -1)
                  | [potion of mutation]
101835 | Zig:18   | Acquired 768 gold pieces
101837 | Zig:18   | Acquired the ring "Seprat" {EV+5 Dex+2 Slay+6 SInv}
101838 | Zig:18   | Acquired a manual of Stealth
101840 | Zig:18   | Acquired a manual of Dodging
101864 | Zig:18   | Lost mutation: You are agile. (Dex +4, Str/Int -1) [potion
                  | of mutation]
101864 | Zig:18   | Gained mutation: You have a pair of small horns on your
                  | head. [potion of mutation]
101864 | Zig:18   | Gained mutation: Your flesh is heat resistant. (rF+)
                  | [potion of mutation]
101865 | Zig:18   | Lost mutation: You have a pair of small horns on your head.
                  | [potion of mutation]
101865 | Zig:18   | Lost mutation: Your flesh is heat resistant. (rF+) [potion
                  | of mutation]
101865 | Zig:18   | Gained mutation: You occasionally lose the ability to drink
                  | potions when taking damage. [potion of mutation]
101865 | Zig:18   | Gained mutation: Your spells are a little easier to cast,
                  | but a little less powerful. [potion of mutation]
101865 | Zig:18   | Gained mutation: You are dopey. (Int -2) [potion of
                  | mutation]
101866 | Zig:18   | Lost mutation: You occasionally lose the ability to drink
                  | potions when taking damage. [potion of mutation]
101866 | Zig:18   | Lost mutation: You are dopey. (Int -2) [potion of mutation]
101889 | Zig:19   | Entered Level 19 of a ziggurat
102241 | Zig:19   | Identified the +7 war axe "Dasugru" {drain, *Corrode rC-
                  | Str+8}
102242 | Zig:19   | Identified the +3 mace "Elaergh" {venom, *Noise rElec rC+
                  | rCorr}
102255 | Zig:19   | Identified the +7 short sword of the Blind Eye {elec, rF+
                  | MP+9}
102259 | Zig:19   | Identified the +1 short sword of the Purse {venom, MP-9
                  | Int+4}
102315 | Zig:20   | Entered Level 20 of a ziggurat
102489 | Zig:20   | Found the +8 frozen axe "Frostbite" {freeze, freezing
                  | cloud, *Noise Fly rC+}
102492 | Zig:20   | Identified the +1 flail of Ettakak {freeze, +Blink rCorr}
102514 | Zig:20   | Identified the +11 morningstar "Izaemeh" {drain, rElec
                  | Str+3}
102539 | Zig:21   | Entered Level 21 of a ziggurat
102786 | Zig:21   | Identified the ring of Alifa {Fly Int+8 Stlth-}
102833 | Zig:21   | Reached skill level 27 in Fighting
102852 | Zig:22   | Entered Level 22 of a ziggurat
102877 | Zig:22   | Noticed a dread lich
102904 | Zig:22   | Noticed an ancient lich
102938 | Zig:22   | Killed a dread lich
102945 | Zig:22   | Noticed an ancient lich
102947 | Zig:22   | Noticed an ancient lich
102951 | Zig:22   | Killed an ancient lich
102988 | Zig:22   | Killed an ancient lich
103015 | Zig:22   | Killed an ancient lich
103016 | Zig:22   | Reached skill level 10 in Evocations
103113 | Zig:22   | Identified the +10 trident "Xolemum" {freeze, *Slow rCorr
                  | Dex+3}
103129 | Zig:22   | Identified the +6 short sword "Fionuisuyw" {drain, Int+2}
103190 | Zig:23   | Entered Level 23 of a ziggurat
103208 | Zig:23   | Noticed a royal mummy
103211 | Zig:23   | Noticed a royal mummy
103213 | Zig:23   | Noticed a royal mummy
103213 | Zig:23   | Noticed a royal mummy
103214 | Zig:23   | Noticed a royal mummy
103215 | Zig:23   | Noticed a royal mummy
103217 | Zig:23   | Noticed a royal mummy
103227 | Zig:23   | Noticed a royal mummy
103227 | Zig:23   | Noticed a royal mummy
103229 | Zig:23   | Killed a royal mummy
103234 | Zig:23   | Killed a royal mummy
103241 | Zig:23   | Killed a royal mummy
103248 | Zig:23   | Killed a royal mummy
103254 | Zig:23   | Killed a royal mummy
103262 | Zig:23   | Killed a royal mummy
103269 | Zig:23   | Killed a royal mummy
103312 | Zig:23   | Killed a royal mummy
103317 | Zig:23   | Killed a royal mummy
103535 | Zig:23   | Identified the +3 flail of Kismet {vamp, *Corrode rC+
                  | Int+4}
103603 | Zig:24   | Entered Level 24 of a ziggurat
103930 | Zig:24   | Found the +4 consecrated labrys {holy, Valiant Fragile Fly
                  | SInv}
103933 | Zig:24   | Found the +9 sword of Zonguldrok {reap}
103938 | Zig:24   | Identified the +5 shortbow "Puqydar" {elec, rN++ Str-2
                  | Int+3}
103939 | Zig:24   | Identified the staff of Dosmet Ole {rPois rC- rN+ Str+5
                  | Poison}
103942 | Zig:24   | Identified the +1 morningstar of Execution {freeze, MP+9}
103948 | Zig:24   | Identified the staff "Wetaanko" {rElec rN++ Air}
103949 | Zig:24   | Identified the +11 great sword "Impslayer" {freeze, Fragile
                  | rF++ Dex+4}
103960 | Zig:24   | Identified the +7 shortbow of Gieny {drain, *Corrode Int+3
                  | SInv Stlth+}
103999 | Zig:25   | Entered Level 25 of a ziggurat
104016 | Zig:25   | Noticed an ancient lich
104021 | Zig:25   | Noticed an ancient lich
104027 | Zig:25   | Killed an ancient lich
104032 | Zig:25   | Noticed an ancient lich
104049 | Zig:25   | Killed an ancient lich
104049 | Zig:25   | Noticed an ancient lich
104078 | Zig:25   | Killed an ancient lich
104091 | Zig:25   | Killed an ancient lich
104221 | Zig:25   | Identified the +6 great mace of Yhodiq {flame, Will- rCorr
                  | Int+8 Stlth+}
104226 | Zig:25   | Identified the ring of Ijeug {Fire Int+3 Stlth+}
104227 | Zig:25   | Identified the amulet "Woank" {Acrobat rN+++ Dex+4}
104242 | Zig:25   | Acquired 811 gold pieces
104243 | Zig:25   | Acquired 1181 gold pieces
104257 | Zig:25   | Identified the +3 scale mail of the Eternal Fruit {Contam
                  | rElec rPois Str-4}
104270 | Zig:25   | Identified the amulet "Ruqoz" {Faith Contam rElec Dex+3}
104280 | Zig:25   | Identified the staff "Romelaesk" {rElec Will+ Str+2 Stlth-
                  | Air}
104295 | Zig:26   | Entered Level 26 of a ziggurat
104312 | Zig:26   | Noticed a dread lich
104319 | Zig:26   | Noticed an ancient lich
104329 | Zig:26   | Killed a dread lich
104388 | Zig:26   | Killed an ancient lich
104535 | Zig:26   | Identified the +0 robe of the Armadillo {Dex+4 Slay+3}
104612 | Zig:27   | Entered Level 27 of a ziggurat
104935 | Zig:27   | Identified the ring of Hejuyga {Fly rElec Str+4}
104937 | Zig:27   | Identified the ring "Fizah" {rPois Will+}
104939 | Zig:27   | Identified the +8 short sword "Agies" {freeze, rN+ MP+9
                  | Str+3}
104947 | Zig:27   | Identified the +4 trident of Puadosas {freeze, *Corrode
                  | rF++ rN+ Str+2}
104963 | Zig:27   | Identified the staff of Triumph {Fragile rElec rPois rF+
                  | Int+5 Fire}
105175 | Zot:5    | Got the Orb of Zot
105296 | Zot:3    | Noticed Ridoj the pandemonium lord
105311 | Zot:3    | Killed Ridoj the pandemonium lord
105516 | Depths:4 | Noticed Cegguxia the pandemonium lord
105526 | Depths:4 | Killed Cegguxia the pandemonium lord
105964 | D:6      | Noticed Hufrenn the pandemonium lord
105977 | D:6      | Killed Hufrenn the pandemonium lord
106070 | D:$      | Escaped with the Orb!

Illustrated notes

Levels and vault maps discovered:
D:1:      dpeg_arrival_central, layout_basic
D:2:      layout_basic
D:3:      layout_basic, gammafunk_ghost_grave, basic_ecumenical_altar
D:4:      layout_cave_pools, mainiacjoe_overflow_six_doors_small,
          minmay_temple_entry_antechambers, minmay_snake_closets
D:5:      layout_loops_ring, mainiacjoe_sewer_entry_somewhere_in_here_2,
          kennysheep_generic_room_7
D:6:      layout_layer_cave, st_stairs_3, dreamdust_mushroom_princess,
          kennysheep_cross_room, chequers_serial_rivers_micro_a, uniq_pikel,
          uniq_eustachio
D:7:      layout_loops_ring, mainiacjoe_overflow_catwalk, serial_rivers,
          chequers_serial_rivers_small_b, chequers_serial_rivers_micro_d,
          chequers_serial_rivers_marsh, chequers_serial_rivers_micro_e,
          chequers_serial_rivers_micro_b, dreamdust_gnoll_shepherd, uniq_maurice
D:8:      layout_loops_ring, serial_bayou, serial_bayou_crossing,
          serial_bayou_lagoon_b, serial_bayou_shore_b, serial_bayou_pond_a,
          nicolae_transporter_circle, uniq_joseph
D:9:      layout_rooms, okawaru_trees_2, nemelex_xobeh_ov_fountains_minmay,
          minmay_misc_feat_encased
D:10:     layout_basic, hellmonk_lair_entry_icy, serial_shops, shop
D:11:     minmay_the_grid_octo_2x2 [minmay_the_grid_octo_toaster,
          minmay_the_grid_octo_fat_diamond, minmay_the_grid_octo_teeth,
          minmay_the_grid_octo_prize_big_c], layout_basic
D:12:     layout_cross, erik_orc_1
D:13:     layout_rooms, serial_shops, nicolae_shop_hallway_plus,
          nicolae_ru_path_of_blood
D:14:     layout_grid_maze, david_vaults_1, hangedman_decor_slide_cut,
          led_sif_book, uniq_roxanne
D:15:     grunt_enter_depths_hoard, layout_cave_pools, evilmike_ruin_ashenzari,
          chequers_big_river, nicolae_alphabet_shops, uniq_azrael
Temple:   hc_temple_tempest_star
Lair:1:   layout_gridlike, grunt_forest_small_clearings,
          hangedman_lair_unloving_vines
Lair:2:   layout_long_grid, minmay_snake_entry_guardpost_medium, basic_altar
Lair:3:   layout_gridlike, minmay_swamp_entry_swarm, patterned_corridor,
          uniq_fannar
Lair:4:   layout_long_grid
Lair:5:   minmay_lair_end_enchanted_forest, layout_regular_city,
          minmay_slime_entry_pillars, ice2_lemuel, uniq_snorg
Swamp:1:  layout_basic_swamp, evilmike_swamp_ruin_rubble_1,
          nicolae_swamp_decorative_isthmus
Swamp:2:  layout_falls_marsh, evilmike_swamp_ruin_house_2
Swamp:3:  layout_basic_swamp, evilmike_swamp_ruin_rubble_2, swamp_pool_3,
          nicolae_swamp_super_fun_site
Swamp:4:  swamp_alternative, layout_basic_swamp
Snake:1:  layout_rooms, nicolae_snake_flat_spine, nicolae_snake_gridmaze_swirls,
          minmay_shop_grove
Snake:2:  layout_grid_shapes, uniq_agnes, uniq_aizul, uniq_kirke, uniq_louise
Snake:3:  onia_ninara_swampy_vault, layout_rooms, nicolae_triple_integral,
          uniq_vashnia
Snake:4:  hellmonk_snake_rune_quicksilver_temple, layout_misc_corridors,
          minmay_shoptagon
Slime:1:  layout_caves
Slime:2:  layout_caves
Slime:3:  layout_caves
Slime:4:  layout_caves, amcnicky_altar_lugonu_corruption
Slime:5:  slime_pit_nicolae_inversion
Orc:1:    layout_caves, portal_ice_cave_entry_ice_simulacra
Orc:2:    st_orc_open, layout_caves, nicolae_shop_clearance, uniq_sonja
Elf:1:    eino_elf_arrival_the_gate, layout_loops_corners,
          hellmonk_ghost_happy_afterlife, minmay_elf_annihilation
Elf:2:    elven_hall_of_blades_hangedman_alternative
          [nicolae_blade_entry_hurt_lockers], layout_loops_corners, st_stairs_5,
          minmay_misc_feat_columns, minivault_4
Elf:3:    grunt_elf_hall_spiral, layout_onion_city,
          serial_library_hellmonk_double_dead_end, hellmonk_elf_help,
          uniq_donald
Vaults:1: nicolae_vaults_surprise_closet, nicolae_vaults_yaktaur_gun_rack,
          hangedman_vaults_stitches, nicolae_vaults_trapezoid_lopsided_2,
          nicolae_vaults_cornered_office, vaults_mumra_hexcomb,
          nicolae_vaults_little_ls, ontoclasm_vaults_twist, v_misc_18,
          nicolae_vaults_double_plus_2, vaults_dpeg_emergency_exit,
          nicolae_vaults_layer_cake_slice, layout_vaults_ring
Vaults:2: minmay_crypt_entry_vampire_xt, nicolae_vaults_hexular_roomagon,
          hangedman_surveillance_ring, nicolae_vaults_house_3,
          vaults_room_fours, nicolae_vaults_storage_closets_1, v_misc_3,
          v_misc_28, v_pattern_5, nicolae_vaults_closet_pinwheel_1,
          layout_vaults_omnicross, serial_shops, nicolae_shop_gaudy_bauble
Vaults:3: hangedman_vaults_stretched_pinwheel,
          nicolae_vaults_stairing_the_circle, v_misc_11,
          nicolae_vaults_oval_intersection, v_rooms_5, nicolae_vaults_theta,
          nicolae_vaults_doubleplus_tesselated,
          nicolae_vaults_network_quinsquares
          [nicolae_vaults_network_quincunx_subvault,
          nicolae_vaults_network_quincunx_subvault,
          nicolae_vaults_network_quincunx_subvault,
          nicolae_vaults_network_quincunx_subvault], layout_vaults_omnigrid
Vaults:4: v_misc_33, minmay_guarded_unrand_guard,
          nicolae_vaults_network_barrier, nicolae_vaults_shrinking_rooms_1,
          v_rooms_5, vaults_mumra_minichess_inversion, hangedman_vaults_corner,
          grunt_vaults_focal, nicolae_vaults_diagonal_hallway_8,
          layout_vaults_big_room
Vaults:5: uniq_saint_roka, uniq_margery
Crypt:1:  layout_basic, grunt_crypt_arrival_split
Crypt:2:  layout_rooms, uniq_josephina, uniq_frederick
Crypt:3:  grunt_crypt_end_deaths_head
Tomb:1
Tomb:2
Tomb:3
Depths:1: cheibrodos_tormentor_scu, layout_basic, enter_ziggurat_b, hell_entry,
          grunt_decor_one_mirror, abyss_entry_crystal, nicolae_titane,
          uniq_asterion
Depths:2: minmay_inside_and_out, layout_cave_pools, kennysheep_nub,
          lightli_too_deep, pan_entry, nicolae_inconvenience_store,
          kennysheep_generic_room_4
Depths:3: minmay_heptahexagon, layout_cave_pools, minmay_room_of_horrors,
          hell_entry, kennysheep_inner_square, infiniplex_staircase_pool_2
Depths:4: grunt_zot_entry_bicorn, layout_cave_pools, hellmouth_1, serial_rivers,
          chequers_serial_rivers_small_3, chequers_serial_rivers_small_b,
          chequers_serial_rivers_room_b, chequers_serial_rivers_marsh,
          nicolae_tso_swordbearing_angel, kilobyte_rumbling_trees, uniq_grunn,
          uniq_sojobo
Hell
Dis:1:    layout_gridville
Dis:2:    hangedman_dis_decor_blocks_talon, layout_regular_city
Dis:4:    layout_gridville, minmay_strange_pillars, hangedman_dis_decor_tower
Dis:5:    layout_regular_city
Dis:6:    layout_subdivisions, nicolae_dis_emergency_hatch
Dis:7:    dis_hangedman
Geh:1:    layout_gehenna_pools_basic
Geh:2:    layout_gehenna_lava_caves
Geh:3:    layout_gehenna_pools_box
Geh:6:    layout_gehenna_pools_triple
Geh:7:    evilmike_geh
Coc:1:    layout_cocytus_water_paths
Coc:2:    layout_cocytus_delve
Coc:3:    layout_ice_bergs
Coc:4:    layout_cocytus_water_paths
Coc:5:    layout_cocytus_water_paths
Coc:6:    layout_cocytus_water_paths
Coc:7:    coc_dpeg
Tar:1:    layout_catacombs
Tar:2:    layout_cathedral_of_symmetry, nicolae_tar_cuneiform_not,
          nicolae_tar_cuneiform_bird
Tar:4:    layout_cathedral_of_symmetry, nicolae_tar_cuneiform_sun
Tar:5:    layout_honeycomb
Tar:6:    nicolae_tar_fifth_circle, layout_cathedral_of_symmetry
Tar:7:    tar_grunt_cathedral
Zot:1:    layout_misc_corridors, regret_index_zotdec_under_construction,
          grunt_megastairs_1
Zot:2:    regret_index_infernal_bastille, layout_onion_interference,
          lemuel_elevator
Zot:3:    evilmike_crystal_ball_defense, layout_cathedral_of_symmetry,
          regret_index_zotdec_glowing_original, grunt_megastairs_5
Zot:4:    layout_gridville, regret_index_zotdec_stipple_waver
Zot:5:    layout_cellular_growth

Skill      XL: |  1  2  3  4  5  6  7  8  9 10 11 12 13 14 15 16 17 18 19 20 21 22 23 24 25 26 27 |
---------------+----------------------------------------------------------------------------------+-----
Shields        | 3 4 5 6 7 10 11 13 27 | 27.0
Dodging        | 3 21 | 21.8
Unarmed Combat | 3 5 6 7 9 11 13 14 16 18 19 27 | 27.0
Fighting       | 3 4 5 6 8 9 10 11 12 13 14 15 17 18 27 | 27.0
Throwing       | 1 2 4 8 10 11 12 14 15 18 19 26 | 26.6
Evocations     | 1 2 4 5 6 12 | 12.3
Armour         | 2 6 9 10 11 13 14 16 17 18 27 | 27.0
Shapeshifting  | 4 6 8 9 10 11 12 13 14 17 20 21 22 24 27 | 27.0
Stealth        | 2 6 |  6.0

Action                     |  1- 3 |  4- 6 |  7- 9 | 10-12 | 13-15 | 16-18 | 19-21 | 22-24 | 25-27 || total
---------------------------+-------+-------+-------+-------+-------+-------+-------+-------+-------++-------
  Melee: Unarmed           |   110 |   134 |   319 |   652 |  1456 |  1346 |  1826 |  1956 | 10100 || 17899
  Throw: Dart              |       |       |    22 |    47 |     9 |     3 |       |       |       ||    81
         Boomerang         |       |       |     4 |       |    13 |    96 |    46 |    24 |    53 ||   236
         Large rock        |       |       |       |     5 |       |    49 |     4 |    55 |   422 ||   535
         Javelin           |       |       |       |       |       |       |       |    10 |    49 ||    59
 Invoke: Potion Petition   |       |       |       |       |     4 |     1 |     1 |     6 |    59 ||    71
         Call Merchant     |       |       |       |       |       |       |       |     4 |     2 ||     6
  Evoke: Wand              |       |       |       |     4 |    14 |     2 |       |     1 |     8 ||    29
         Lightning rod     |       |       |       |       |       |       |       |       |     7 ||     7
         Phial of floods   |       |       |       |       |       |       |       |       |     2 ||     2
         Horn of Geryon    |       |       |       |       |       |       |       |       |     1 ||     1
    Use: Potion            |       |     1 |       |       |     2 |     3 |       |     5 |    29 ||    40
         Scroll            |       |       |       |    13 |     5 |    11 |       |     3 |    29 ||    61
   Stab: Sleeping          |     1 |     1 |       |       |       |       |       |       |       ||     2
         Distracted        |       |       |     1 |     3 |     7 |     2 |    12 |     6 |   101 ||   132
         Invisible         |       |       |       |       |     3 |       |       |     4 |    36 ||    43
 Armour: Robe              |    63 |    60 |   180 |   256 |       |       |       |       |       ||   559
         Troll leather arm |       |       |       |    65 |   164 |       |       |       |       ||   229
         Ice dragon scales |       |       |       |       |   215 |       |       |       |       ||   215
         Fire dragon scale |       |       |       |       |   343 |       |       |       |       ||   343
         Gold dragon scale |       |       |       |       |   161 |  1115 |  1095 |  1627 |  6541 || 10539
         Skin              |       |       |       |       |       |       |       |       |     9 ||     9
  Dodge: Dodged            |    45 |    36 |   143 |   274 |   533 |   215 |   184 |   282 |  1853 ||  3565
         Repelled          |       |       |     1 |     9 |     6 |    20 |    14 |    10 |    13 ||    73
  Block: Kite shield       |    48 |    53 |   139 |   251 |   811 |   953 |  1229 |  1234 |  7847 || 12565
   Form: Death             |       |       |       |       |       |       |       |       |     8 ||     8
                           |       |       |       |       |       |       |       |       |     7 ||     7

Table legend: (Time is in decaauts)
 A = Elapsed time spent in this place.
 B = Non-inter-level travel time spent in this place.
 C = Inter-level travel time spent in this place.
 D = Time resting spent in this place.
 E = Time spent auto-exploring this place.
 F = Levels seen in this place.
 G = Mean time per level.
                   A        B        C        D        E       F      G
               +--------+--------+--------+--------+--------+-----+--------+
         Total |  99838 |  89116 |  10722 |      0 |  50920 | 133 |  750.7 |
       Dungeon |  15865 |  13311 |   2554 |      0 |   9587 |  15 | 1057.7 |
        Temple |     18 |      2 |     16 |      0 |      0 |   1 |   18.0 |
          Lair |   6466 |   5521 |    945 |      0 |   3819 |   5 | 1293.2 |
         Swamp |   2768 |   2504 |    264 |      0 |   1757 |   4 |  692.0 |
     Snake Pit |   4561 |   3972 |    589 |      0 |   2473 |   4 | 1140.2 |
    Slime Pits |   4022 |   3684 |    338 |      0 |   2766 |   5 |  804.4 |
  Orcish Mines |   1350 |   1086 |    264 |      0 |    658 |   2 |  675.0 |
   Elven Halls |   4999 |   4440 |    559 |      0 |   2485 |   3 | 1666.3 |
        Vaults |   8351 |   7491 |    860 |      0 |   4469 |   5 | 1670.2 |
         Crypt |   2647 |   2392 |    255 |      0 |   1784 |   3 |  882.3 |
          Tomb |   3179 |   2841 |    338 |      0 |   1521 |   3 | 1059.7 |
        Depths |   8241 |   6652 |   1589 |      0 |   3341 |   4 | 2060.2 |
          Hell |    897 |    768 |    129 |      0 |    352 |   1 |  897.0 |
           Dis |   3064 |   2695 |    369 |      0 |   1559 |   6 |  510.7 |
       Gehenna |   2531 |   2391 |    140 |      0 |   1293 |   5 |  506.2 |
       Cocytus |   2351 |   2208 |    143 |      0 |   1349 |   7 |  335.9 |
      Tartarus |   2804 |   2665 |    139 |      0 |   1100 |   6 |  467.3 |
           Zot |   8384 |   7157 |   1227 |      0 |   3646 |   5 | 1676.8 |
         Abyss |   2268 |   2268 |      0 |      0 |    584 |   3 |  756.0 |
   Pandemonium |   9725 |   9725 |      0 |      0 |   3942 |  17 |  572.1 |
      Ziggurat |   4360 |   4360 |      0 |      0 |   1940 |  27 |  161.5 |
         Sewer |    104 |    104 |      0 |      0 |     47 |   1 |  104.0 |
      Ice Cave |    870 |    870 |      0 |      0 |    444 |   1 |  870.0 |
               +--------+--------+--------+--------+--------+-----+--------+

Top non-repeatable levels by time:
Depths:1: 2543 daAuts
    D:11: 2333 daAuts
   Zot:2: 2211 daAuts
Depths:2: 2133 daAuts
   Dis:7: 2066 daAuts
  Lair:5: 2044 daAuts
 Abyss:3: 1939 daAuts
   Elf:3: 1928 daAuts
Vaults:4: 1874 daAuts
Vaults:5: 1858 daAuts
Depths:3: 1835 daAuts
   Elf:2: 1779 daAuts
Vaults:2: 1752 daAuts
   Zot:5: 1740 daAuts
Depths:4: 1729 daAuts
